Workbook
Name \A: #REF!
Name \A: #REF!
Name \A: #REF!
Name \I: #REF!
Name \I: #REF!
Name \I: #REF!
Name \I: #REF!
Name \I: #REF!
Name \P: #REF!
Name \P: #REF!
Name \P: #REF!
Name \P: #REF!
Name \S: [1]COMPOS1!#REF!
Name \S: [1]COMPOS1!#REF!
Name \S: [1]COMPOS1!#REF!
Name \S: [1]COMPOS1!#REF!
Name \z: #REF!
Name \z: #REF!
Name \z: #REF!
Name _\0: #REF!
Name _\0: #REF!
Name _\0: #REF!
Name _\1: #REF!
Name _\1: #REF!
Name _\1: #REF!
Name _\2: [2]compos1!#REF!
Name _\2: [2]compos1!#REF!
Name _\2: [2]compos1!#REF!
Name _\a: #REF!
Name _\a: #REF!
Name _\a: #REF!
Name _\I: #REF!
Name _\I: #REF!
Name _\I: #REF!
Name _\m: #REF!
Name _\m: #REF!
Name _\m: #REF!
Name _\p: #REF!
Name _\s: #REF!
Name ________\0: #REF!
Name ________\1: #REF!
Name ________\2: [2]compos1!#REF!
Name ________\2: [2]compos1!#REF!
Name ________\a: #REF!
Name ________\a: #REF!
Name ________\a: #REF!
Name ________\I: #REF!
Name ________\I: #REF!
Name ________\I: #REF!
Name ________\m: #REF!
Name ________\m: #REF!
Name ________\m: #REF!
Name ________\p: #REF!
Name ________\s: #REF!
Name _______________Ext2: '[3]P A T O 99 B'!#REF!
Name _______________Ext2: '[3]P A T O 99 B'!#REF!
Name _______________PL1: #REF!
Name _______________PL1: #REF!
Name _______________PL1: #REF!
Name ______________Ext2: '[3]P A T O 99 B'!#REF!

Sheet Orçamento
E1: ORÇAMENTO - PROJETO EXECUTIVO | H1: Data Base: | K1: R$ / m²
E2: PONTE CÓRREGO MATEIRO - GO-215 | F2: m² obra: | G2: =30*10.8 -> 324 | H2: Tabela GOINFRA T-289 (Fev/25) Tabela SICRO GO (Jan/25) | K2: =H4/G2 -> 5626.5328
B3: Código | C3: Descrição | F3: Unid. | G3: Quant. | H3: Pç. Unit. | I3: Pç. Total
B4: 1 | C4: OBRAS DE ARTE ESPECIAIS | H4: =H6+H13+H18+H23+H30+H41+H48+H56+H52+H62+H68 -> 1822996.6
C5: Serviços Preliminares
C6: Escavação | H6: =SUM(I7:I12) -> 10697.92 | J6: =H6/$H$4 -> 0.0058683158
B7: 45005 | C7: =IFERROR(VLOOKUP(B7,Tabela!$A$9:$V$563,3,0),"") -> ESCAVAÇÃO MANUAL MAT. 1ª CAT. | F7: =IFERROR(VLOOKUP(B7,Tabela!$A$9:$V$563,18,0),"") -> m3 | G7: ='MEMORIAL OAE'!T17 -> 65.52 | H7: =IFERROR(VLOOKUP(B7,Tabela!$A$9:$V$563,21,0),"") -> 116.84 | I7: =ROUND(G7*H7,2) -> 7655.36
B8: 45015 | C8: =IFERROR(VLOOKUP(B8,Tabela!$A$9:$V$563,3,0),"") -> ESCAVAÇÃO MANUAL MAT. 3ª CAT. | F8: =IFERROR(VLOOKUP(B8,Tabela!$A$9:$V$563,18,0),"") -> m3 | H8: =IFERROR(VLOOKUP(B8,Tabela!$A$9:$V$563,21,0),"") -> 478.1 | I8: =ROUND(G8*H8,2) -> 0
B9: 45590 | C9: =IFERROR(VLOOKUP(B9,Tabela!$A$9:$V$563,3,0),"") -> ESCORAMENTO CONTÍNUO EM VALAS(ESP. 2,00M) | F9: =IFERROR(VLOOKUP(B9,Tabela!$A$9:$V$563,18,0),"") -> m2 | H9: =IFERROR(VLOOKUP(B9,Tabela!$A$9:$V$563,21,0),"") -> 113.73 | I9: =ROUND(G9*H9,2) -> 0
B10: 45055 | C10: =IFERROR(VLOOKUP(B10,Tabela!$A$9:$V$563,3,0),"") -> ENSECADEIRA | F10: =IFERROR(VLOOKUP(B10,Tabela!$A$9:$V$563,18,0),"") -> m2 | G10: ='MEMORIAL OAE'!T21 -> 0 | H10: =IFERROR(VLOOKUP(B10,Tabela!$A$9:$V$563,21,0),"") -> 635 | I10: =ROUND(G10*H10,2) -> 0
B11: 45060 | C11: =IFERROR(VLOOKUP(B11,Tabela!$A$9:$V$563,3,0),"") -> ENCHIMENTO COM ARGILA | F11: =IFERROR(VLOOKUP(B11,Tabela!$A$9:$V$563,18,0),"") -> m3 | G11: ='MEMORIAL OAE'!T22 -> 0 | H11: =IFERROR(VLOOKUP(B11,Tabela!$A$9:$V$563,21,0),"") -> 116.84 | I11: =ROUND(G11*H11,2) -> 0
B12: 45430 | C12: =IFERROR(VLOOKUP(B12,Tabela!$A$9:$V$563,3,0),"") -> REATERRO APILOADO DE VALAS | F12: =IFERROR(VLOOKUP(B12,Tabela!$A$9:$V$563,18,0),"") -> m3 | G12: ='MEMORIAL OAE'!T19 -> 34.8 | H12: =IFERROR(VLOOKUP(B12,Tabela!$A$9:$V$563,21,0),"") -> 87.43 | I12: =ROUND(G12*H12,2) -> 3042.56
C13: Infra-Estrutura Estacas Raiz | H13: =SUM(I14:I17) -> 164306.42
B14: 45266 | C14: =IFERROR(VLOOKUP(B14,Tabela!$A$9:$V$563,3,0),"") -> ESTACA RAIZ PERFURADA NO SOLO - D = 40 cm | F14: =IFERROR(VLOOKUP(B14,Tabela!$A$9:$V$563,18,0),"") -> m | G14: ='MEMORIAL OAE'!T68 -> 288 | H14: =IFERROR(VLOOKUP(B14,Tabela!$A$9:$V$563,21,0),"") -> 354.87 | I14: =ROUND(G14*H14,2) -> 102202.56
B15: 45275 | C15: =IFERROR(VLOOKUP(B15,Tabela!$A$9:$V$563,3,0),"") -> ESTACA RAIZ PERFURADA NA ROCHA - D = 31 cm | F15: =IFERROR(VLOOKUP(B15,Tabela!$A$9:$V$563,18,0),"") -> m | G15: ='MEMORIAL OAE'!T69 -> 0 | H15: =IFERROR(VLOOKUP(B15,Tabela!$A$9:$V$563,21,0),"") -> 1911.87 | I15: =ROUND(G15*H15,2) -> 0
B16: 45291 | C16: =IFERROR(VLOOKUP(B16,Tabela!$A$9:$V$563,3,0),"") -> ARRASAMENTO DE ESTACAS DE CONCRETO | F16: =IFERROR(VLOOKUP(B16,Tabela!$A$9:$V$563,18,0),"") -> m3 | G16: ='MEMORIAL OAE'!T70 -> 3.01 | H16: =IFERROR(VLOOKUP(B16,Tabela!$A$9:$V$563,21,0),"") -> 739.86 | I16: =ROUND(G16*H16,2) -> 2226.98
B17: 45155 | C17: =IFERROR(VLOOKUP(B17,Tabela!$A$9:$V$563,3,0),"") -> AÇO CA50/60 AQUISIÇÃO, ARMAÇÃO E COLOCAÇÃO (INCLUSO PERDAS) | F17: =IFERROR(VLOOKUP(B17,Tabela!$A$9:$V$563,18,0),"") -> Kg | G17: ='MEMORIAL OAE'!T66 -> 3687 | H17: =IFERROR(VLOOKUP(B17,Tabela!$A$9:$V$563,21,0),"") -> 16.24 | I17: =ROUND(G17*H17,2) -> 59876.88
C18: Infra-Estrutura Blocos | H18: =SUM(I19:I22) -> 74273.22 | J18: =H18/$H$4 -> 0.040742379
B19: 45038 | C19: =IFERROR(VLOOKUP(B19,Tabela!$A$9:$V$563,3,0),"") -> FORMA CHAPA COMPENSADA PLASTIFICADA 17 mm - UTILIZAÇÃO 1X (CONFECÇÃO, INSTALAÇÃO E RETIRADA) | F19: =IFERROR(VLOOKUP(B19,Tabela!$A$9:$V$563,18,0),"") -> m2 | G19: ='MEMORIAL OAE'!T133 -> 49.92 | H19: =IFERROR(VLOOKUP(B19,Tabela!$A$9:$V$563,21,0),"") -> 240.5 | I19: =ROUND(G19*H19,2) -> 12005.76
B20: 45166 | C20: =IFERROR(VLOOKUP(B20,Tabela!$A$9:$V$563,3,0),"") -> CONCRETO FCK=30 MPA | F20: =IFERROR(VLOOKUP(B20,Tabela!$A$9:$V$563,18,0),"") -> m3 | G20: ='MEMORIAL OAE'!T131 -> 30.72 | H20: =IFERROR(VLOOKUP(B20,Tabela!$A$9:$V$563,21,0),"") -> 657.63 | I20: =ROUND(G20*H20,2) -> 20202.39
B21: 45155 | C21: =IFERROR(VLOOKUP(B21,Tabela!$A$9:$V$563,3,0),"") -> AÇO CA50/60 AQUISIÇÃO, ARMAÇÃO E COLOCAÇÃO (INCLUSO PERDAS) | F21: =IFERROR(VLOOKUP(B21,Tabela!$A$9:$V$563,18,0),"") -> Kg | G21: ='MEMORIAL OAE'!T134 -> 2545 | H21: =IFERROR(VLOOKUP(B21,Tabela!$A$9:$V$563,21,0),"") -> 16.24 | I21: =ROUND(G21*H21,2) -> 41330.8
B22: 45050 | C22: =IFERROR(VLOOKUP(B22,Tabela!$A$9:$V$563,3,0),"") -> CONCRETO FCK=15 MPA | F22: =IFERROR(VLOOKUP(B22,Tabela!$A$9:$V$563,18,0),"") -> m3 | G22: ='MEMORIAL OAE'!T132 -> 1.28 | H22: =IFERROR(VLOOKUP(B22,Tabela!$A$9:$V$563,21,0),"") -> 573.65 | I22: =ROUND(G22*H22,2) -> 734.27
C23: Meso-Estrutura | H23: =SUM(I24:I29) -> 99219.51 | J23: =H23/$H$4 -> 0.054426601
B24: 45038 | C24: =IFERROR(VLOOKUP(B24,Tabela!$A$9:$V$563,3,0),"") -> FORMA CHAPA COMPENSADA PLASTIFICADA 17 mm - UTILIZAÇÃO 1X (CONFECÇÃO, INSTALAÇÃO E RETIRADA) | F24: =IFERROR(VLOOKUP(B24,Tabela!$A$9:$V$563,18,0),"") -> m2 | G24: ='MEMORIAL OAE'!T183+'MEMORIAL OAE'!T201+'MEMORIAL OAE'!T318 -> 74.79 | H24: =IFERROR(VLOOKUP(B24,Tabela!$A$9:$V$563,21,0),"") -> 240.5 | I24: =ROUND(G24*H24,2) -> 17987
B25: 45166 | C25: =IFERROR(VLOOKUP(B25,Tabela!$A$9:$V$563,3,0),"") -> CONCRETO FCK=30 MPA | F25: =IFERROR(VLOOKUP(B25,Tabela!$A$9:$V$563,18,0),"") -> m3 | G25: ='MEMORIAL OAE'!T200+'MEMORIAL OAE'!T182 -> 19.76 | H25: =IFERROR(VLOOKUP(B25,Tabela!$A$9:$V$563,21,0),"") -> 657.63 | I25: =ROUND(G25*H25,2) -> 12994.77
B26: SICRO - 1109680 | C26: Argamassa para reparos e graouteamento | F26: m3 | G26: ='MEMORIAL OAE'!T317 -> 0.09 | H26: ='Composições SICRO'!I34 -> 4918.85 | I26: =ROUND(G26*H26,2) -> 442.7
B27: 45155 | C27: =IFERROR(VLOOKUP(B27,Tabela!$A$9:$V$563,3,0),"") -> AÇO CA50/60 AQUISIÇÃO, ARMAÇÃO E COLOCAÇÃO (INCLUSO PERDAS) | F27: =IFERROR(VLOOKUP(B27,Tabela!$A$9:$V$563,18,0),"") -> Kg | G27: ='MEMORIAL OAE'!T184+'MEMORIAL OAE'!T319+'MEMORIAL OAE'!T185+'MEMORIAL OAE'!T202 -> 2533 | H27: =IFERROR(VLOOKUP(B27,Tabela!$A$9:$V$563,21,0),"") -> 16.24 | I27: =ROUND(G27*H27,2) -> 41135.92
B28: 45235 | C28: =IFERROR(VLOOKUP(B28,Tabela!$A$9:$V$563,3,0),"") -> NEOPRENE | F28: =IFERROR(VLOOKUP(B28,Tabela!$A$9:$V$563,18,0),"") -> Kg | G28: ='MEMORIAL OAE'!T321 -> 123.07692 | H28: =IFERROR(VLOOKUP(B28,Tabela!$A$9:$V$563,21,0),"") -> 64.76 | I28: =ROUND(G28*H28,2) -> 7970.46
B29: 45135 | C29: =IFERROR(VLOOKUP(B29,Tabela!$A$9:$V$563,3,0),"") -> ESCORAMENTO PARA PONTE | F29: =IFERROR(VLOOKUP(B29,Tabela!$A$9:$V$563,18,0),"") -> m3 | G29: ='MEMORIAL OAE'!T204 -> 141.57 | H29: =IFERROR(VLOOKUP(B29,Tabela!$A$9:$V$563,21,0),"") -> 132.01 | I29: =ROUND(G29*H29,2) -> 18688.66
C30: Super-Estrutura (Longarina) | H30: =SUM(I31:I40) -> 306231.28 | J30: =H30/$H$4 -> 0.16798236
B31: 45038 | C31: =IFERROR(VLOOKUP(B31,Tabela!$A$9:$V$563,3,0),"") -> FORMA CHAPA COMPENSADA PLASTIFICADA 17 mm - UTILIZAÇÃO 1X (CONFECÇÃO, INSTALAÇÃO E RETIRADA) | F31: =IFERROR(VLOOKUP(B31,Tabela!$A$9:$V$563,18,0),"") -> m2 | G31: ='MEMORIAL OAE'!T334 -> 211.68 | H31: =IFERROR(VLOOKUP(B31,Tabela!$A$9:$V$563,21,0),"") -> 240.5 | I31: =ROUND(G31*H31,2) -> 50909.04
B32: 45167 | C32: =IFERROR(VLOOKUP(B32,Tabela!$A$9:$V$563,3,0),"") -> CONCRETO FCK=35 MPA | F32: =IFERROR(VLOOKUP(B32,Tabela!$A$9:$V$563,18,0),"") -> m3 | G32: ='MEMORIAL OAE'!T333 -> 52.92 | H32: =IFERROR(VLOOKUP(B32,Tabela!$A$9:$V$563,21,0),"") -> 697.17 | I32: =ROUND(G32*H32,2) -> 36894.24
B33: 45155 | C33: =IFERROR(VLOOKUP(B33,Tabela!$A$9:$V$563,3,0),"") -> AÇO CA50/60 AQUISIÇÃO, ARMAÇÃO E COLOCAÇÃO (INCLUSO PERDAS) | F33: =IFERROR(VLOOKUP(B33,Tabela!$A$9:$V$563,18,0),"") -> Kg | G33: ='MEMORIAL OAE'!T335 -> 13450 | H33: =IFERROR(VLOOKUP(B33,Tabela!$A$9:$V$563,21,0),"") -> 16.24 | I33: =ROUND(G33*H33,2) -> 218428
B34: SICRO - 4507958 | C34: Cordoalha engraxada CP 190 RB D = 12,7 mm - fornecimento, preparo e colocação | F34: kg | G34: ='MEMORIAL OAE'!T336 -> 0 | I34: =ROUND(G34*H34,2) -> 0
B35: SICRO - 4507783 | C35: Ancoragem ativa para lajes para cordoalhas engraxadas D = 12,7 mm com placa de ancoragem, cunha tripartida e protensão | F35: und. | G35: ='MEMORIAL OAE'!T337 -> 0 | I35: =ROUND(G35*H35,2) -> 0
B36: SICRO - 4507866 | C36: Ancoragem passiva para lajes para cordoalhas engraxadas D = 12,7 mm com placa de ancoragem e cunha tripartida - fornecimento e instalação | F36: und. | G36: ='MEMORIAL OAE'!T338 -> 0 | I36: =ROUND(G36*H36,2) -> 0
B37: SICRO - 3806420 | C37: Lançamento de viga pré-moldada de até 500kN com utilização de guindaste | F37: und. | I37: =ROUND(G37*H37,2) -> 0
B38: SICRO - 3806420 | C38: Lançamento de viga pré-moldada de 500 a 750 kN com utilização de guindaste | F38: und. | I38: =ROUND(G38*H38,2) -> 0
B39: SICRO - 3806422 | C39: Lançamento de viga pré-moldada de 750 a 1000 kN com utilização de guindaste | F39: und. | G39: ='[40]MEMORIAL OAE'!T286 -> 0 | I39: =ROUND(G39*H39,2) -> 0
B40: SICRO - 5915333 | C40: Transporte em cavalo mecânico com dollys de 5 e 4 eixos com capacidade de 111 t - rodovia pavimentada | F40: T.km | G40: ='[40]MEMORIAL OAE'!T287 -> 0 | I40: =ROUND(G40*H40,2) -> 0
C41: Super-Estrutura (Laje + Transversina + Alas) | H41: =SUM(I42:I47) -> 810561.38 | J41: =H41/$H$4 -> 0.44463131
B42: 45038 | C42: =IFERROR(VLOOKUP(B42,Tabela!$A$9:$V$563,3,0),"") -> FORMA CHAPA COMPENSADA PLASTIFICADA 17 mm - UTILIZAÇÃO 1X (CONFECÇÃO, INSTALAÇÃO E RETIRADA) | F42: =IFERROR(VLOOKUP(B42,Tabela!$A$9:$V$563,18,0),"") -> m2 | G42: ='MEMORIAL OAE'!T514+'MEMORIAL OAE'!T603+'MEMORIAL OAE'!T702 -> 550.43 | H42: =IFERROR(VLOOKUP(B42,Tabela!$A$9:$V$563,21,0),"") -> 240.5 | I42: =ROUND(G42*H42,2) -> 132378.42
B43: 45165 | C43: =IFERROR(VLOOKUP(B43,Tabela!$A$9:$V$563,3,0),"") -> CONCRETO FCK=25 MPA | F43: =IFERROR(VLOOKUP(B43,Tabela!$A$9:$V$563,18,0),"") -> m3 | H43: =IFERROR(VLOOKUP(B43,Tabela!$A$9:$V$563,21,0),"") -> 627.69 | I43: =ROUND(G43*H43,2) -> 0
B44: 45167 | C44: =IFERROR(VLOOKUP(B44,Tabela!$A$9:$V$563,3,0),"") -> CONCRETO FCK=35 MPA | F44: =IFERROR(VLOOKUP(B44,Tabela!$A$9:$V$563,18,0),"") -> m3 | G44: ='MEMORIAL OAE'!T701+'MEMORIAL OAE'!T602+'MEMORIAL OAE'!T513 -> 134.53 | H44: =IFERROR(VLOOKUP(B44,Tabela!$A$9:$V$563,21,0),"") -> 697.17 | I44: =ROUND(G44*H44,2) -> 93790.28
B45: 45155 | C45: =IFERROR(VLOOKUP(B45,Tabela!$A$9:$V$563,3,0),"") -> AÇO CA50/60 AQUISIÇÃO, ARMAÇÃO E COLOCAÇÃO (INCLUSO PERDAS) | F45: =IFERROR(VLOOKUP(B45,Tabela!$A$9:$V$563,18,0),"") -> Kg | G45: ='MEMORIAL OAE'!T515+'MEMORIAL OAE'!T516+'MEMORIAL OAE'!T604+'MEMORIAL OAE'!T605+'MEMORIAL OAE'!T703+'MEMORIAL OAE'!T704 -> 20964 | H45: =IFERROR(VLOOKUP(B45,Tabela!$A$9:$V$563,21,0),"") -> 16.24 | I45: =ROUND(G45*H45,2) -> 340455.36
B46: 45135 | C46: =IFERROR(VLOOKUP(B46,Tabela!$A$9:$V$563,3,0),"") -> ESCORAMENTO PARA PONTE | F46: =IFERROR(VLOOKUP(B46,Tabela!$A$9:$V$563,18,0),"") -> m3 | G46: ='MEMORIAL OAE'!T705+'MEMORIAL OAE'!T606 -> 1847.87 | H46: =IFERROR(VLOOKUP(B46,Tabela!$A$9:$V$563,21,0),"") -> 132.01 | I46: =ROUND(G46*H46,2) -> 243937.32
B47: 45151 | C47: =IFERROR(VLOOKUP(B47,Tabela!$A$9:$V$563,3,0),"") -> TRANSLADO, LANÇAMENTO E POSICIONAMENTO DE PRÉ-LAJES | F47: =IFERROR(VLOOKUP(B47,Tabela!$A$9:$V$563,18,0),"") -> un | G47: ='[40]MEMORIAL OAE'!T591 -> 0 | H47: =IFERROR(VLOOKUP(B47,Tabela!$A$9:$V$563,21,0),"") -> 134.42 | I47: =ROUND(G47*H47,2) -> 0
C48: Laje de Transição | H48: =SUM(I49:I51) -> 53364.94 | J48: =H48/$H$4 -> 0.029273197
B49: 45038 | C49: =IFERROR(VLOOKUP(B49,Tabela!$A$9:$V$563,3,0),"") -> FORMA CHAPA COMPENSADA PLASTIFICADA 17 mm - UTILIZAÇÃO 1X (CONFECÇÃO, INSTALAÇÃO E RETIRADA) | F49: =IFERROR(VLOOKUP(B49,Tabela!$A$9:$V$563,18,0),"") -> m2 | G49: ='MEMORIAL OAE'!T628 -> 16.76 | H49: =IFERROR(VLOOKUP(B49,Tabela!$A$9:$V$563,21,0),"") -> 240.5 | I49: =ROUND(G49*H49,2) -> 4030.78
B50: 45166 | C50: =IFERROR(VLOOKUP(B50,Tabela!$A$9:$V$563,3,0),"") -> CONCRETO FCK=30 MPA | F50: =IFERROR(VLOOKUP(B50,Tabela!$A$9:$V$563,18,0),"") -> m3 | G50: ='MEMORIAL OAE'!T626 -> 23.9 | H50: =IFERROR(VLOOKUP(B50,Tabela!$A$9:$V$563,21,0),"") -> 657.63 | I50: =ROUND(G50*H50,2) -> 15717.36
B51: 45155 | C51: =IFERROR(VLOOKUP(B51,Tabela!$A$9:$V$563,3,0),"") -> AÇO CA50/60 AQUISIÇÃO, ARMAÇÃO E COLOCAÇÃO (INCLUSO PERDAS) | F51: =IFERROR(VLOOKUP(B51,Tabela!$A$9:$V$563,18,0),"") -> Kg | G51: ='MEMORIAL OAE'!T629 -> 2070 | H51: =IFERROR(VLOOKUP(B51,Tabela!$A$9:$V$563,21,0),"") -> 16.24 | I51: =ROUND(G51*H51,2) -> 33616.8
C52: Barreira Rigida (New Jersy) | H52: =SUM(I53:I55) -> 69813.32 | J52: =H52/$H$4 -> 0.038295913
B53: 45038 | C53: =IFERROR(VLOOKUP(B53,Tabela!$A$9:$V$563,3,0),"") -> FORMA CHAPA COMPENSADA PLASTIFICADA 17 mm - UTILIZAÇÃO 1X (CONFECÇÃO, INSTALAÇÃO E RETIRADA) | F53: =IFERROR(VLOOKUP(B53,Tabela!$A$9:$V$563,18,0),"") -> m2 | G53: ='MEMORIAL OAE'!T718 -> 135.87 | H53: =IFERROR(VLOOKUP(B53,Tabela!$A$9:$V$563,21,0),"") -> 240.5 | I53: =ROUND(G53*H53,2) -> 32676.74
B54: 45167 | C54: =IFERROR(VLOOKUP(B54,Tabela!$A$9:$V$563,3,0),"") -> CONCRETO FCK=35 MPA | F54: =IFERROR(VLOOKUP(B54,Tabela!$A$9:$V$563,18,0),"") -> m3 | G54: ='MEMORIAL OAE'!T717 -> 18.14 | H54: =IFERROR(VLOOKUP(B54,Tabela!$A$9:$V$563,21,0),"") -> 697.17 | I54: =ROUND(G54*H54,2) -> 12646.66
B55: 45155 | C55: =IFERROR(VLOOKUP(B55,Tabela!$A$9:$V$563,3,0),"") -> AÇO CA50/60 AQUISIÇÃO, ARMAÇÃO E COLOCAÇÃO (INCLUSO PERDAS) | F55: =IFERROR(VLOOKUP(B55,Tabela!$A$9:$V$563,18,0),"") -> Kg | G55: ='MEMORIAL OAE'!T719 -> 1508 | H55: =IFERROR(VLOOKUP(B55,Tabela!$A$9:$V$563,21,0),"") -> 16.24 | I55: =ROUND(G55*H55,2) -> 24489.92
C56: Transportes | H56: =SUM(I57:I61) -> 93921.24 | J56: =H56/$H$4 -> 0.051520249
B57: 47050 | C57: =IFERROR(VLOOKUP(B57,Tabela!$A$9:$V$563,3,0),"") -> TRANSPORTE LOCAL DE MATERIAL BÁSICO | F57: =IFERROR(VLOOKUP(B57,Tabela!$A$9:$V$563,18,0),"") -> tkm | G57: =Transporte!J17+Transporte!L17 -> 485.15 | H57: =IFERROR(VLOOKUP(B57,Tabela!$A$9:$V$563,21,0),"") -> 1.73 | I57: =ROUND(G57*H57,2) -> 839.31
B58: 40451 | C58: =IFERROR(VLOOKUP(B58,Tabela!$A$9:$V$563,3,0),"") -> TRANSPORTE COMERCIAL DE MATERIAL BÁSICO | F58: =IFERROR(VLOOKUP(B58,Tabela!$A$9:$V$563,18,0),"") -> tkm | G58: =Transporte!J36+Transporte!L36 -> 21544.67 | H58: =IFERROR(VLOOKUP(B58,Tabela!$A$9:$V$563,21,0),"") -> 0.89 | I58: =ROUND(G58*H58,2) -> 19174.76
B59: 45205 | C59: =IFERROR(VLOOKUP(B59,Tabela!$A$9:$V$563,3,0),"") -> TRANSPORTE COMERCIAL DE AGREGADOS - OAE | F59: =IFERROR(VLOOKUP(B59,Tabela!$A$9:$V$563,18,0),"") -> tkm | G59: =Transporte!J65+Transporte!L65 -> 66934.82 | H59: =IFERROR(VLOOKUP(B59,Tabela!$A$9:$V$563,21,0),"") -> 1.05 | I59: =ROUND(G59*H59,2) -> 70281.56
B60: 45206 | C60: =IFERROR(VLOOKUP(B60,Tabela!$A$9:$V$563,3,0),"") -> TRANSPORTE DE PRÉ MOLDADOS EM CAMINHÃO PRANCHA 3 EIXOS - CAP. 30 T | F60: =IFERROR(VLOOKUP(B60,Tabela!$A$9:$V$563,18,0),"") -> tkm | G60: ='MEMORIAL OAE'!T340 -> 0 | H60: =IFERROR(VLOOKUP(B60,Tabela!$A$9:$V$563,21,0),"") -> 0.91 | I60: =ROUND(G60*H60,2) -> 0
B61: 40436 | C61: =IFERROR(VLOOKUP(B61,Tabela!$A$9:$V$563,3,0),"") -> TRANSPORTE LOCAL DE CONCRETO | F61: =IFERROR(VLOOKUP(B61,Tabela!$A$9:$V$563,18,0),"") -> m3km | G61: =Transporte!J47+Transporte!L47 -> 1399.85 | H61: =IFERROR(VLOOKUP(B61,Tabela!$A$9:$V$563,21,0),"") -> 2.59 | I61: =ROUND(G61*H61,2) -> 3625.61
C62: Diversos | H62: =SUM(I63:I67) -> 140607.41 | J62: =H62/$H$4 -> 0.077129824
B63: 45230 | C63: =IFERROR(VLOOKUP(B63,Tabela!$A$9:$V$563,3,0),"") -> DRENOS 100 MM | F63: =IFERROR(VLOOKUP(B63,Tabela!$A$9:$V$563,18,0),"") -> un | G63: ='MEMORIAL OAE'!T745 -> 16 | H63: =IFERROR(VLOOKUP(B63,Tabela!$A$9:$V$563,21,0),"") -> 10.68 | I63: =ROUND(G63*H63,2) -> 170.88
B64: 42856 | C64: =IFERROR(VLOOKUP(B64,Tabela!$A$9:$V$563,3,0),"") -> ENROCAMENTO DE PEDRA ARGAMASSADA | F64: =IFERROR(VLOOKUP(B64,Tabela!$A$9:$V$563,18,0),"") -> m3 | G64: ='MEMORIAL OAE'!T762 -> 392.73 | H64: =IFERROR(VLOOKUP(B64,Tabela!$A$9:$V$563,21,0),"") -> 341.85 | I64: =ROUND(G64*H64,2) -> 134254.75
B65: 45575 | C65: =IFERROR(VLOOKUP(B65,Tabela!$A$9:$V$563,3,0),"") -> GEOTEXTIL - BIDIM RT-16 OU EQUIVALENTE | F65: =IFERROR(VLOOKUP(B65,Tabela!$A$9:$V$563,18,0),"") -> m2 | G65: ='MEMORIAL OAE'!T763 -> 392.73 | H65: =IFERROR(VLOOKUP(B65,Tabela!$A$9:$V$563,21,0),"") -> 11.94 | I65: =ROUND(G65*H65,2) -> 4689.2
B66: 40865 | C66: =IFERROR(VLOOKUP(B66,Tabela!$A$9:$V$563,3,0),"") -> REVESTIMENTO VEGETAL EM PLACAS (GRAMA) | F66: =IFERROR(VLOOKUP(B66,Tabela!$A$9:$V$563,18,0),"") -> m2 | G66: ='MEMORIAL OAE'!T764 -> 98.39 | H66: =IFERROR(VLOOKUP(B66,Tabela!$A$9:$V$563,21,0),"") -> 15.17 | I66: =ROUND(G66*H66,2) -> 1492.58
B67: 45165 | C67: =IFERROR(VLOOKUP(B67,Tabela!$A$9:$V$563,3,0),"") -> CONCRETO FCK=25 MPA | F67: =IFERROR(VLOOKUP(B67,Tabela!$A$9:$V$563,18,0),"") -> m3 | G67: ='MEMORIAL OAE'!T782 -> 0 | H67: =IFERROR(VLOOKUP(B67,Tabela!$A$9:$V$563,21,0),"") -> 627.69 | I67: =ROUND(G67*H67,2) -> 0
C68: Mobilização / Canteiro / Administração Local | H68: =SUM(I69:I71) -> 0 | J68: =H68/$H$4 -> 0
B69: 42190 | C69: =IFERROR(VLOOKUP(B69,Tabela!$A$9:$V$600,6,0),"") -> 0 | F69: un | H69: =IFERROR(VLOOKUP(B69,Tabela!$A$9:$V$600,22,0),"") -> 0 | I69: =ROUND(G69*H69,2) -> 0
B70: 42290 | C70: =IFERROR(VLOOKUP(B70,Tabela!$A$9:$V$600,6,0),"") -> 0 | F70: un | H70: =IFERROR(VLOOKUP(B70,Tabela!$A$9:$V$600,22,0),"") -> 0 | I70: =ROUND(G70*H70,2) -> 0
B71: 42301 | C71: Mobilização / Desmobilização | F71: un | H71: ='Mob e Desmob Pav'!E47 -> 13160.05 | I71: =ROUND(G71*H71,2) -> 0

Sheet Cronograma
A1: CRONOGRAMA FÍSICO-FINANCEIRO
A2: =[41]Orçamento!E2 -> PONTE CÓRREGO MATEIRO - GO-215
A8: FÍSICO | B8: ATIVIDADES | C8: VALOR ETAPA | E8: 1º MÊS | F8: 2º MÊS | G8: 3º MÊS | H8: 4º MÊS | I8: 5º MÊS | J8: 6º MÊS | K8: 7º MÊS | L8: 8º MÊS | M8: 9º MÊS | N8: 10º MÊS | O8: 11º MÊS | P8: 12º MÊS
B9: Serviços Preliminares | C9: =Orçamento!H6 -> 10697.92 | E9: =$C9*E11 -> 10697.92
E11: 1 | R11: =SUM(E11:P11) -> 1
B12: Infra-Estrutura | C12: =Orçamento!H13+Orçamento!H18 -> 238579.64 | E12: =$C12*E14 -> 71573.892 | F12: =$C12*F14 -> 71573.892 | G12: =$C12*G14 -> 95431.856
E14: 0.3 | F14: 0.3 | G14: 0.4 | R14: =SUM(E14:P14) -> 1
B15: Meso-Estrutura | C15: =Orçamento!H23 -> 99219.51 | F15: =$C15*F17 -> 29765.853 | G15: =$C15*G17 -> 29765.853 | H15: =$C15*H17 -> 39687.804
F17: 0.3 | G17: 0.3 | H17: 0.4 | R17: =SUM(E17:P17) -> 1
B18: Superestrutura | C18: =Orçamento!H30+Orçamento!H41+Orçamento!H48+Orçamento!H52+Orçamento!H56 -> 1333892.2 | H18: =$C18*H20 -> 266778.43 | I18: =$C18*I20 -> 266778.43 | J18: =$C18*J20 -> 400167.65 | K18: =$C18*K20 -> 400167.65
H20: 0.2 | I20: 0.2 | J20: 0.3 | K20: 0.3 | R20: =SUM(E20:P20) -> 1
B21: Diversos | C21: =Orçamento!H62 -> 140607.41 | K21: =$C21*K23 -> 70303.705 | L21: =$C21*L23 -> 70303.705
K23: 0.5 | L23: 0.5 | R23: =SUM(E23:P23) -> 1
B24: Admistração / Canteiro / Mobilização | C24: =[41]Orçamento!H67 -> 0 | E24: =$C24*E26 -> 0 | F24: =$C24*F26 -> 0 | G24: =$C24*G26 -> 0 | H24: =$C24*H26 -> 0 | I24: =$C24*I26 -> 0 | J24: =$C24*J26 -> 0 | K24: =$C24*K26 -> 0 | L24: =$C24*L26 -> 0
E26: 0.125 | F26: 0.125 | G26: 0.125 | H26: 0.125 | I26: 0.125 | J26: 0.125 | K26: 0.125 | L26: 0.125 | R26: =SUM(E26:P26) -> 1
R29: =SUM(E29:P29) -> 0
R32: =SUM(E32:P32) -> 0
R35: =SUM(E35:P35) -> 0
A36: FINANCEIRO | B36: TOTAL | C36: =C9+C12+C15+C18+C21+C24+C27+C30 -> 1822996.6
B37: Parcial (R$) | E37: =SUM(E9,E12,E15,E18,E30,E21,E24,E27,E33) -> 82271.812 | F37: =SUM(F9,F12,F15,F18,F30,F21,F24,F27,F33) -> 101339.75 | G37: =SUM(G9,G12,G15,G18,G30,G21,G24,G27,G33) -> 125197.71 | H37: =SUM(H9,H12,H15,H18,H30,H21,H24,H27,H33) -> 306466.24 | I37: =SUM(I9,I12,I15,I18,I30,I21,I24,I27,I33) -> 266778.43 | J37: =SUM(J9,J12,J15,J18,J30,J21,J24,J27,J33) -> 400167.65 | K37: =SUM(K9,K12,K15,K18,K30,K21,K24,K27,K33) -> 470471.35 | L37: =SUM(L9,L12,L15,L18,L30,L21,L24,L27,L33) -> 70303.705 | ... P37: =SUM(P9,P12,P15,P18,P30,P21,P24,P27,P33) -> 0
B38: Percentual Parcial %) | E38: =E37/$C$36 -> 0.045129986 | F38: =F37/$C$36 -> 0.05558965 | G38: =G37/$C$36 -> 0.068676873 | H38: =H37/$C$36 -> 0.16811125 | I38: =I37/$C$36 -> 0.14634061 | J38: =J37/$C$36 -> 0.21951091 | K38: =K37/$C$36 -> 0.25807582 | L38: =L37/$C$36 -> 0.038564912 | ... P38: =P37/$C$36 -> 0
B39: Acumulado (R$) | E39: =E37 -> 82271.812 | F39: =F37+E39 -> 183611.56 | G39: =G37+F39 -> 308809.27 | H39: =H37+G39 -> 615275.5 | I39: =I37+H39 -> 882053.93 | J39: =J37+I39 -> 1282221.6 | K39: =K37+J39 -> 1752692.9 | L39: =L37+K39 -> 1822996.6 | M39: =M37+#REF! -> #REF! | N39: =N37+M39 -> #REF! | O39: =O37+N39 -> #REF! | P39: =P37+O39 -> #REF! | R39: =C36-[41]Orçamento!H4 -> -88080.35
B40: Percentual Acumulado (%) | E40: =E39/$C$36 -> 0.045129986 | F40: =F39/$C$36 -> 0.10071964 | G40: =G39/$C$36 -> 0.16939651 | H40: =H39/$C$36 -> 0.33750775 | I40: =I39/$C$36 -> 0.48384836 | J40: =J39/$C$36 -> 0.70335927 | K40: =K39/$C$36 -> 0.96143509 | L40: =L39/$C$36 -> 1 | ... P40: =P39/$C$36 -> #REF! | R40: =C36-[41]Orçamento!H4 -> -88080.35
A41: =[41]Orçamento!H2 -> Tabela GOINFRA T-289 (Fev/25) Tabela SICRO GO (Jan/25)

Sheet MEMORIAL OAE
A1: MEMORIA DE CÁLCULO DE QUANTIDADES - CÓRREGO MATEIRO - GO-215 - MOLDADO IN LOCO
A4: ESCAVAÇÃO E REATERRO
A5: O volume de escavação é estimado a partir da dimensão do bloco, assim como a profundidade da escavação
D7: B1 a B4
C8: Comprimento C: | D8: =G125 -> 2 | E8: m | G8: m | I8: m | K8: m
C9: Largura L: | D9: =G126 -> 3.2 | E9: m | G9: m | I9: m | K9: m
C10: Altura do Bloco/sapata H: | D10: =G127 -> 1.2 | E10: m | G10: m | I10: m | K10: m
C11: Quant. Blocos/sapatas Q: | D11: =G128 -> 4
C12: Altura de Escavação A: | D12: =(2.15+0.45)/2 -> 1.3 | E12: m | G12: m | I12: m | K12: m
C13: Folga Mat. 1ª F1: | D13: 0.5 | E13: m | G13: m | I13: m | K13: m
C14: Folga Mat. 3ª F2: | E14: m | G14: m | I14: m | K14: m
C15: Inclinação Mat. 1ª I1: | D15: 0
C16: Inclinação Mat. 3ª I2: | D16: 0 | P16: Quadro final de valores
P17: Volume de escavação 1ª Cat | T17: =D18+F18+H18+J18 -> 65.52
C18: Vol. Material 1ª Cat.:* | D18: =(D8+2*D13)*(D9+2*D13)*(D12)*D11 -> 65.52 | E18: m³ | F18: =(F8+2*F13)*(F9+2*F13)*(F12-F10)*F11 -> 0 | G18: m³ | H18: =(H8+2*H13)*(H9+2*H13)*(H12-H10)*H11 -> 0 | I18: m³ | J18: =(((((J8+2*J13)*(J9+2*J13))+(J8+2*J13)+2*((J12-J10)*J15))+(((J8+2*J13)+2*((J12-J10)*J15))*((J9+2*J13)+2*((J12-J10)*J15))))/2)*(J12-J10)*J11 -> 0 | K18: m³ | P18: Volume de escavação 3ª Cat | T18: =D19+F19+H19+J19 -> 0
C19: Vol. Material 3ª Cat.:** | E19: m³ | F19: =(F8+2*F14)*(F9+2*F14)*F10*F11 -> 0 | G19: m³ | H19: =(H8+2*H14)*(H9+2*H14)*H10*H11 -> 0 | I19: m³ | J19: =(J8+2*J14)*(J9+2*J14)*(J10+J14)*J11 -> 0 | K19: m³ | P19: Volume de reaterro**** | T19: =T17+T18-T131 -> 34.8
P20: Escoramento Contínuo | T20: =D22+F22+H22+J22 -> 0
C21: Escoramento (sim/não) | D21: NÃO | F21: NÃO | H21: NÃO | J21: NÃO | P21: Ensecadeira | T21: =D33 -> 0
C22: Área de Escoramento *** | D22: =IF(D21="sim",((D8+2*D13)*2+(D9+2*D13)*2)*D11*D12,0) -> 0 | F22: =IF(F21="sim",((F8+2*F13)*2+(F9+2*F13)*2)*F11*F12,0) -> 0 | H22: =IF(H21="sim",((H8+2*H13)*2+(H9+2*H13)*2)*H11*H12,0) -> 0 | J22: =IF(J21="sim",((J8+J13)*(J9+J13)*J12*J11),0) -> 0 | P22: Enchimento em Argila | T22: =D38 -> 0
A24: * Vol 1ª = (((C+2*F1)*(L+2*F1)+((C+2*F1)*(L+2*F1)*((A-H)*I1*2))/2)*(A-H)*Q
A25: ** Vol 3ª = (C+2*F2)*((L+2*F2)*H
A26: *** Escor = (2*(C+2*F1)+2*(L+2*F1))*A*Q
A27: **** Vol reat = Vol escav - Vol Conc. Sapata
C29: Comp. Ext. Ensecadeira C: | E29: m
C30: Comp. Int. Ensecadeira L: | E30: m
C31: Altura Esecadeira H: | E31: m
C32: Quantidade: | E32: un
C33: *Área de Ensecadeira A: = | D33: =ROUND((2*(D29+D30)*D31+2*((D29-2*D35)+(D30-2*D35))*D31),2)*D32 -> 0 | E33: m²
C35: Largura de enchimento L1: | E35: m
C36: Altura de enchimento H1: | E36: m
C37: Quantidade: | E37: un
C38: **Volume de enchimento: | D38: =D35*D36*D29*2+D35*D36*(D30-D35*2)*2*D37 -> 0 | E38: m³
A40: * Área da ensecadeira = (C+L)*2*H+((C-2*L1)+(L-2*L1))*2*H
A41: ** Vol. De enchimento = 2*C*L1*H1+2*(L-L1)*L1*H1
A43: Escavação: | B43: A*B*H*n | G43: 1ª Cat | K43: 3ª Cat
F44: A= | G44: =$G$125+2*0.6 -> 3.2 | H44: metros | J44: A= | K44: =$G$125+2*0.6 -> 3.2 | L44: metros
F45: B= | G45: =$G$126+2*0.6 -> 4.4 | H45: metros | J45: B= | K45: =$G$126+2*0.6 -> 4.4 | L45: metros
F46: Hm= | G46: =$G$127+2 -> 3.2 | H46: metros | J46: Hm= | K46: =$G$127+0.5 -> 1.7 | L46: metros
F47: Hb= | G47: 2 | H47: metros | J47: Hb= | K47: 0.7 | L47: metros
F48: n= | H48: unid. | J48: n= | L48: unid.
A49: k = 1,47
A50: O volume de escavação é dado por: | F50: Vesc= | G50: =ROUND(G44*G45*G46*G48,2) -> 0 | H50: m³ | J50: Vesc= | K50: =ROUND(K44*K45*K46*K48,2) -> 0 | L50: m³
A51: O volume de reaterro é dado por: | F51: Vrea= | G51: =ROUND((G50-G44*G45*G47*G48)*1.47,2) -> 0 | H51: m³ | J51: Vrea= | K51: =ROUND((K50-K44*K45*K47*K48)*1.47,2) -> 0 | L51: m³
A52: **Vrea=Vesc-A*B*Hb*n*k
A54: ESTACAS ESCAVADAS TIPO HÉLICE CONTÍNUA DE 50cm | P54: Quadro final de valores
P55: Volume de concreto (25MPa): | T55: =B60 -> 0
A56: Diâmetro da estaca: | D56: Ø= | F56: metros | P56: Armadura CA50 | T56: =Conversão!N18 -> 0
A57: Consideramos um aumento de 20% no volume total de concreto devido às características construtivas | P57: Armadura CA60 | T57: =Conversão!N19 -> 0
A58: Comprimento total das estacas: | F58: L= | H58: metros | J58: Vol. = | K58: =ROUND((G58*(((E56)^2)*PI()/4)),2) -> 0 | L58: m³ | P58: Estaca Hélice contínua Ø 40cm | T58: =K58 -> 0
A59: O volume de concreto total das estacas é expresso por: Vc= (L*(Ø)²*π/4)*(1+20%) | P59: Mob. Equip. de Estaca | T59: 0
A60: Vc= | B60: =ROUND((G58*(((E56)^2)*PI()/4)*1.2),2) -> 0 | C60: m³ | P60: Arrasamento de Estacas | T60: 0
A61: *Os valores de aço CA50 / 60 foram retirados do desenho 1137-FUN-EX-052-R00, que detalha a estrutura de concreto armado e apresenta a tabela-resumo de quantidade de aço
A64: ESTACAS RAIZ DIÂMETRO 40cm
P65: Quadro final de valores
A66: Bloco | C66: B1 | D66: B2 | E66: B3 | F66: B4 | G66: B5 | H66: B6 | I66: B7 | J66: B8 | O66: Total | P66: Armadura CA50 | T66: =L77 -> 3687
A67: Quant. | C67: 6 | D67: 6 | E67: 6 | F67: 6 | O67: =SUM(C67:N67) -> 24 | P67: Armadura CA60 | T67: =L78 -> 0
A68: Comp. Solo | C68: 11 | D68: 13 | E68: 11 | F68: 13 | P68: Estaca Raiz Solo | T68: =O69 -> 288
A69: Total Solo | C69: =ROUND(C67*C68,2) -> 66 | D69: =ROUND(D67*D68,2) -> 78 | E69: =ROUND(E67*E68,2) -> 66 | F69: =ROUND(F67*F68,2) -> 78 | G69: =ROUND(G67*G68,2) -> 0 | H69: =ROUND(H67*H68,2) -> 0 | I69: =ROUND(I67*I68,2) -> 0 | J69: =ROUND(J67*J68,2) -> 0 | O69: =SUM(C69:N69) -> 288 | P69: Estaca Raiz Rocha | T69: =O71 -> 0
A70: Comp. Rocha | P70: Arrasamento de Estacas | T70: =S80 -> 3.01
A71: Total Rocha | C71: =ROUND(C67*C70,2) -> 0 | D71: =ROUND(D67*D70,2) -> 0 | E71: =ROUND(E67*E70,2) -> 0 | F71: =ROUND(F67*F70,2) -> 0 | G71: =ROUND(G67*G70,2) -> 0 | H71: =ROUND(H67*H70,2) -> 0 | I71: =ROUND(I67*I70,2) -> 0 | J71: =ROUND(J67*J70,2) -> 0 | O71: =SUM(C71:N71) -> 0
A72: Possui Camisa perdida?
A73: Comp. "aéreo"
A74: Total Camisa Perdida | C74: =IF(C72="sim",(C67*(2+C73)),0) -> 0 | D74: =IF(D72="sim",(D67*(2+D73)),0) -> 0 | E74: =IF(E72="sim",(E67*(2+E73)),0) -> 0 | F74: =IF(F72="sim",(F67*(2+F73)),0) -> 0 | G74: =IF(G72="sim",(G67*(2+G73)),0) -> 0 | H74: =IF(H72="sim",(H67*(2+H73)),0) -> 0 | I74: =IF(I72="sim",(I67*(2+I73)),0) -> 0 | J74: =IF(J72="sim",(J67*(2+J73)),0) -> 0 | K74: =IF(K72="sim",(K67*(K68+K70)),0) -> 0 | L74: =IF(L72="sim",(L67*(L68+L70)),0) -> 0 | M74: =IF(M72="sim",(M67*(M68+M70)),0) -> 0 | N74: =IF(N72="sim",(N67*(N68+N70)),0) -> 0 | O74: =SUM(C74:N74,C81:T81) -> 0
D77: Consumo de Aço CA-50 | E77: =L77/T68 -> 12.802083 | G77: kgxm131 | K77: Total de Aço CA-50 | L77: 3687 | N77: kg
D78: Consumo de Aço CA-60 | E78: 0 | G78: kgxm132 | K78: Total de Aço CA-60 | L78: =E78*(T68+T69) -> 0 | N78: kg
B80: Quant. Estacas: | C80: =O67 -> 24 | D80: un | E80: Ø = | F80: 0.4 | G80: m | J80: Comp. Arrasamento: | K80: 1 | L80: m | R80: Vol. De Arasamento: | S80: =TRUNC((PI()*(F80^2)/4)*C80*K80,2) -> 3.01 | T80: m³
A82: *Os valores de aço CA50 foram retirados do desenho 25_017-007-FUN-EX-R00, que detalha a estrutura de concreto armado e apresenta a tabela-resumo de quantidade de aço.
A86: Blocos (B1 a B4)
A89: Comprimento da dimensão A | F89: A= | H89: metros
A90: Comprimento da dimensão B | F90: B= | H90: metros
A91: Comprimento da altura H | F91: H= | H91: metros
A92: Quantidade de blocos centrais | F92: n= | H92: blocos
A94: O volume de concreto dos blocos é expresso por: Vc=A*B*H
A95: Vc= | B95: =ROUND(G91*G90*G89,2) -> 0 | C95: m³/bloco | E95: Como há n blocos: | H95: Vc,f= | I95: =G92*B95 -> 0 | J95: m³
A96: O volume do concreto p/ regularização (lastro) é expresso por: Vc,r= 0,10*A*B
A97: Vc,r= | B97: =ROUND(G89*G90*0.1,2) -> 0 | C97: m³/bloco | E97: Como há n blocos: | H97: Vc,f= | I97: =B97*G92 -> 0 | J97: m³
A98: A área de formas dos blocos é expressa por: Af= 2*(A+B)*H
A99: Af= | B99: =ROUND((2*(G89+G90)*G91),2) -> 0 | C99: m²/bloco | E99: Como há n blocos: | H99: Af,f= | I99: =B99*G92 -> 0 | J99: m²
A101: Comprimento da dimensão A | F101: A= | H101: metros
A102: Comprimento da dimensão B | F102: B= | H102: metros
A103: Comprimento da altura H | F103: H= | H103: metros
A104: Quantidade de blocos centrais | F104: n= | H104: blocos
A106: O volume de concreto dos blocos é expresso por: Vc=A*B*H
A107: Vc= | B107: =ROUND(G103*G102*G101,2) -> 0 | C107: m³/bloco | E107: Como há n blocos: | H107: Vc,f= | I107: =G104*B107 -> 0 | J107: m³
A108: O volume do concreto p/ regularização (lastro) é expresso por: Vc,r= 0,10*A*B
A109: Vc,r= | B109: =ROUND(G101*G102*0.1,2) -> 0 | C109: m³/bloco | E109: Como há n blocos: | H109: Vc,f= | I109: =B109*G104 -> 0 | J109: m³
A110: A área de formas dos blocos é expressa por: Af= 2*(A+B)*H
A111: Af= | B111: =ROUND((2*(G101+G102)*G103),2) -> 0 | C111: m²/bloco | E111: Como há n blocos: | H111: Af,f= | I111: =B111*G104 -> 0 | J111: m²
A113: Comprimento da dimensão A | F113: A= | H113: metros
A114: Comprimento da dimensão B | F114: B= | H114: metros
A115: Comprimento da altura H | F115: H= | H115: metros
A116: Quantidade de blocos centrais | F116: n= | H116: blocos
A118: O volume de concreto dos blocos é expresso por: Vc=A*B*H
A119: Vc= | B119: =ROUND(G115*G114*G113,2) -> 0 | C119: m³/bloco | E119: Como há n blocos: | H119: Vc,f= | I119: =G116*B119 -> 0 | J119: m³
A120: O volume do concreto p/ regularização (lastro) é expresso por: Vc,r= 0,10*A*B
A121: Vc,r= | B121: =ROUND(G113*G114*0.1,2) -> 0 | C121: m³/bloco | E121: Como há n blocos: | H121: Vc,f= | I121: =B121*G116 -> 0 | J121: m³
A122: A área de formas dos blocos é expressa por: Af= 2*(A+B)*H
A123: Af= | B123: =ROUND((2*(G113+G114)*G115),2) -> 0 | C123: m²/bloco | E123: Como há n blocos: | H123: Af,f= | I123: =B123*G116 -> 0 | J123: m²
A125: Comprimento da dimensão A | F125: A= | G125: 2 | H125: metros
A126: Comprimento da dimensão B | F126: B= | G126: 3.2 | H126: metros
...

Sheet Transporte
B1: MEMORIAL DE CÁLCULO - OBRA DE ARTE ESPECIAL
B3: =Orçamento!E2 -> PONTE CÓRREGO MATEIRO - GO-215
B6: TRANSPORTES
B8: Tranporte Local de Material Básico ( 47050) | I8: Terra | K8: Asfalto
B9: Serviço | C9: Referência | D9: Material | E9: Quant. | F9: Consumo | G9: Unid. | H9: Quant. (ton) | I9: DMT | J9: Quant. (t x km) | K9: DMT Asf. | L9: Quant. (t x km)
B10: Forma | C10: 45150 | D10: Madeira | E10: =Orçamento!G19+Orçamento!G24+Orçamento!G31+Orçamento!G42+Orçamento!G49+Orçamento!G53 -> 1039.45 | F10: =((0.075*0.075*0.44922)+(0.017*0.4043)+(0.025*0.05*0.19908)+(0.025*0.07*2.09003)+(0.025*0.3*0.35938))*1.1 -> 0.017601887 | G10: ton / m² | H10: =ROUND(F10*E10,2) -> 18.3 | I10: =DT´s!$E$6 -> 5 | J10: =ROUND(I10*H10,2) -> 91.5 | K10: =DT´s!$F$6 -> 0 | L10: =ROUND(K10*H10,2) -> 0
B11: Escoramento para ponte | C11: 45135 | D11: Madeira | E11: =Orçamento!G46+Orçamento!G29 -> 1989.44 | F11: =(PI()*(0.06^2)*(0.4))+((PI()*((0.1)^2))*0.25)+(0.025*0.07*1)*1.1 -> 0.014302875 | G11: ton / m² | H11: =ROUND(F11*E11,2) -> 28.45 | I11: =DT´s!$E$6 -> 5 | J11: =ROUND(I11*H11,2) -> 142.25 | K11: =DT´s!$F$6 -> 0 | L11: =ROUND(K11*H11,2) -> 0
B12: Escoramento contínuo | C12: SICRO - 2106292 | D12: Madeira | E12: =Orçamento!G9 -> 0 | F12: 0.0218 | G12: ton / m² | H12: 2.74 | I12: =DT´s!$E$6 -> 5 | J12: =ROUND(I12*H12,2) -> 13.7 | K12: =DT´s!$F$6 -> 0 | L12: =ROUND(K12*H12,2) -> 0
B13: Aço CA-50 / 60 | C13: 45155 | D13: Aço | E13: =Orçamento!G17+Orçamento!G21+Orçamento!G27+Orçamento!G33+Orçamento!G45+Orçamento!G50+Orçamento!G54 -> 43221.04 | F13: 0.0011 | G13: kg / ton | H13: =ROUND(F13*E13,2) -> 47.54 | I13: =DT´s!$E$6 -> 5 | J13: =ROUND(I13*H13,2) -> 237.7 | K13: =DT´s!$F$6 -> 0 | L13: =ROUND(K13*H13,2) -> 0
B14: Cordoalha Aço CP-190 | C14: SICRO - 4507958 | D14: Cordoalha | E14: =Orçamento!G34 -> 0 | F14: 0.001 | G14: kg / ton | H14: =ROUND(F14*E14,2) -> 0 | I14: =DT´s!$E$6 -> 5 | J14: =ROUND(I14*H14,2) -> 0 | K14: =DT´s!$F$6 -> 0 | L14: =ROUND(K14*H14,2) -> 0
B15: Estaca metálica | D15: Estaca | F15: =(62)/1000 -> 0.062 | G15: ton / m | H15: =ROUND(F15*E15,2) -> 0 | I15: =DT´s!$E$6 -> 5 | J15: =ROUND(I15*H15,2) -> 0 | K15: =DT´s!$F$6 -> 0 | L15: =ROUND(K15*H15,2) -> 0
B16: Ancoragens | C16: SICRO - 4507783 | D16: Ancoragem | E16: =Orçamento!G35+Orçamento!G36 -> 0 | F16: 0.0013 | G16: kg / ton | H16: =ROUND(F16*E16,2) -> 0 | I16: =DT´s!$E$6 -> 5 | J16: =ROUND(I16*H16,2) -> 0 | K16: =DT´s!$F$6 -> 0 | L16: =ROUND(K16*H16,2) -> 0
G17: Quantidade Total de Material Básico (ton): | H17: =SUM(H10:H16) -> 97.03 | J17: =SUM(J10:J16) -> 485.15 | L17: =SUM(L10:L16) -> 0
B19: Tranporte Comercial de Material Básico (40451) | I19: Terra | K19: Asfalto
B20: Serviço | C20: Referência | D20: Material | E20: Quant. | F20: Consumo | G20: Unid. | H20: Quant. (ton) | I20: DMT | J20: Quant. (t x km) | K20: DMT | L20: Quant. (t x km)
B21: Cordoalha Aço CP-190 | C21: =C14 -> SICRO - 4507958 | D21: Cordoalha | E21: =E14 -> 0 | F21: 0.001 | G21: kg / ton | H21: =ROUND(F21*E21,2) -> 0 | I21: =DT´s!$E$12 -> 0 | J21: =ROUND(I21*H21,2) -> 0 | K21: =DT´s!$F$12 -> 0 | L21: =ROUND(K21*H21,2) -> 0
B22: Ancoragens | C22: =C16 -> SICRO - 4507783 | D22: Ancoragem | E22: =E16 -> 0 | F22: =F16 -> 0.0013 | G22: kg / ton | H22: =ROUND(F22*E22,2) -> 0 | I22: =DT´s!$E$12 -> 0 | J22: =ROUND(I22*H22,2) -> 0 | K22: =DT´s!$F$12 -> 0 | L22: =ROUND(K22*H22,2) -> 0
B23: Argamassa Estaca Raiz Ø 40 | C23: SICRO - 2306066 | D23: Cimento | E23: =Orçamento!G14+Orçamento!G15 -> 288 | F23: =0.083 -> 0.083 | G23: ton / m | H23: =ROUND(F23*E23,2) -> 23.9 | I23: =DT´s!$E$10 -> 0 | J23: =ROUND(I23*H23,2) -> 0 | K23: =DT´s!$F$10 -> 61 | L23: =ROUND(K23*H23,2) -> 1457.9
B24: Argamassa Pedra Argamassada | C24: 42856 | D24: Cimento | E24: =Orçamento!G64 -> 392.73 | F24: =0.15*0.35 -> 0.0525 | G24: ton / m | H24: =ROUND(F24*E24,2) -> 20.62 | I24: =DT´s!$E$10 -> 0 | J24: =ROUND(I24*H24,2) -> 0 | K24: =DT´s!$F$10 -> 61 | L24: =ROUND(K24*H24,2) -> 1257.82
B25: Concreto Fck 15 Mpa | C25: 45050 | D25: Cimento | E25: =Orçamento!G22 -> 1.28 | F25: 0.332 | G25: ton / m³ | H25: =ROUND(F25*E25,2) -> 0.42 | I25: =DT´s!$E$10 -> 0 | J25: =ROUND(I25*H25,2) -> 0 | K25: =DT´s!$F$10 -> 61 | L25: =ROUND(K25*H25,2) -> 25.62
B26: Concreto Fck 20MPa | C26: 45125 | D26: Cimento | E26: 0 | F26: 0.364 | G26: ton / m³ | H26: =ROUND(F26*E26,2) -> 0 | I26: =DT´s!$E$10 -> 0 | J26: =ROUND(I26*H26,2) -> 0 | K26: =DT´s!$F$10 -> 61 | L26: =ROUND(K26*H26,2) -> 0
B27: Concreto Fck 25MPa | C27: 45165 | D27: Cimento | E27: =Orçamento!G43+Orçamento!G67 -> 0 | F27: 0.389 | G27: ton / m³ | H27: =ROUND(F27*E27,2) -> 0 | I27: =DT´s!$E$10 -> 0 | J27: =ROUND(I27*H27,2) -> 0 | K27: =DT´s!$F$10 -> 61 | L27: =ROUND(K27*H27,2) -> 0
B28: Concreto Fck 30MPa | C28: 45166 | D28: Cimento | E28: =Orçamento!G20+Orçamento!G25+Orçamento!G50 -> 74.38 | F28: 0.422 | G28: ton / m³ | H28: =ROUND(F28*E28,2) -> 31.39 | I28: =DT´s!$E$10 -> 0 | J28: =ROUND(I28*H28,2) -> 0 | K28: =DT´s!$F$10 -> 61 | L28: =ROUND(K28*H28,2) -> 1914.79 | N28: =Orçamento!G55+Orçamento!G51+Orçamento!G44+Orçamento!G32+Orçamento!G25+Orçamento!G20 -> 3815.93
B29: Concreto Fck 35MPa | C29: 45167 | D29: Cimento | E29: =Orçamento!G54+Orçamento!G44+Orçamento!G32 -> 205.59 | F29: 0.467 | G29: ton / m³ | H29: =ROUND(F29*E29,2) -> 96.01 | I29: =DT´s!$E$10 -> 0 | J29: =ROUND(I29*H29,2) -> 0 | K29: =DT´s!$F$10 -> 61 | L29: =ROUND(K29*H29,2) -> 5856.61
B30: Concreto Fck 40MPa | C30: 40168 | D30: Cimento | E30: 0 | F30: 0.516 | G30: ton / m³ | H30: =ROUND(F30*E30,2) -> 0 | I30: =DT´s!$E$10 -> 0 | J30: =ROUND(I30*H30,2) -> 0 | K30: =DT´s!$F$10 -> 61 | L30: =ROUND(K30*H30,2) -> 0
B31: Forma Comum de Madeira | C31: =C10 -> 45150 | D31: Madeira | E31: =E10 -> 1039.45 | F31: =F10 -> 0.017601887 | G31: ton / m² | H31: =ROUND(F31*E31,2) -> 18.3 | I31: =DT´s!$E$7 -> 0 | J31: =ROUND(I31*H31,2) -> 0 | K31: =DT´s!$F$7 -> 117 | L31: =ROUND(K31*H31,2) -> 2141.1
B32: Escoramento para ponte | C32: =C11 -> 45135 | D32: Madeira | E32: =E11 -> 1989.44 | F32: =F11 -> 0.014302875 | G32: ton / m³ | H32: =ROUND(F32*E32,2) -> 28.45 | I32: =DT´s!$E$7 -> 0 | J32: =ROUND(I32*H32,2) -> 0 | K32: =DT´s!$F$7 -> 117 | L32: =ROUND(K32*H32,2) -> 3328.65
B33: Estaca metálica | C33: =C15 -> 0 | D33: Estaca | E33: =E15 -> 0 | F33: =(62)/1000 -> 0.062 | G33: ton / m | H33: =ROUND(F33*E33,2) -> 0 | I33: =DT´s!$E$7 -> 0 | J33: =ROUND(I33*H33,2) -> 0 | K33: =DT´s!$F$7 -> 117 | L33: =ROUND(K33*H33,2) -> 0
B34: Escoramento contínuo | C34: SICRO - 2106292 | D34: Madeira | E34: =E12 -> 0 | F34: 0.0218 | G34: ton / m² | H34: =ROUND(F34*E34,2) -> 0 | I34: =DT´s!$E$7 -> 0 | J34: =ROUND(I34*H34,2) -> 0 | K34: =DT´s!$F$7 -> 117 | L34: =ROUND(K34*H34,2) -> 0
B35: Aço CA-50 / 60 | C35: =C13 -> 45155 | D35: Aço | E35: =E13 -> 43221.04 | F35: 0.0011 | G35: kg / ton | H35: =ROUND(F35*E35,2) -> 47.54 | I35: =DT´s!$E$7 -> 0 | J35: =ROUND(I35*H35,2) -> 0 | K35: =DT´s!$F$7 -> 117 | L35: =ROUND(K35*H35,2) -> 5562.18
G36: Quantidade Total de Material Básico (ton): | H36: =SUM(H21:H35) -> 266.63 | J36: =SUM(J21:J35) -> 0 | L36: =SUM(L21:L35) -> 21544.67
B38: Transporte Local de Concreto | I38: Terra | K38: Asfalto
B39: Serviço | C39: Referência | D39: Material | E39: Quant. | F39: Consumo | G39: Unid. | H39: Quant. (m³) | I39: DMT | J39: Quant. (m³ x km) | K39: DMT | L39: Quant. (m³ x km)
B40: Concreto Magro | D40: Concreto | E40: =E25 -> 1.28 | F40: 1 | G40: m³ / m³ | H40: =F40*E40 -> 1.28 | I40: =DT´s!$E$6 -> 5 | J40: =ROUND(I40*H40,2) -> 6.4 | K40: =DT´s!$F$6 -> 0 | L40: =ROUND(K40*H40,2) -> 0
B41: Concreto Ciclopico | D41: Concreto | F41: 1 | G41: m³ / m³ | H41: =F41*E41 -> 0 | I41: =DT´s!$E$6 -> 5 | J41: =ROUND(I41*H41,2) -> 0 | K41: =DT´s!$F$6 -> 0 | L41: =ROUND(K41*H41,2) -> 0
B42: Concreto Fck 20MPa | D42: Concreto | E42: =E26 -> 0 | F42: 1 | G42: m³ / m³ | H42: =F42*E42 -> 0 | I42: =DT´s!$E$6 -> 5 | J42: =ROUND(I42*H42,2) -> 0 | K42: =DT´s!$F$6 -> 0 | L42: =ROUND(K42*H42,2) -> 0
B43: Concreto Fck 25MPa | D43: Concreto | E43: =E27 -> 0 | F43: 1 | G43: m³ / m³ | H43: =F43*E43 -> 0 | I43: =DT´s!$E$6 -> 5 | J43: =ROUND(I43*H43,2) -> 0 | K43: =DT´s!$F$6 -> 0 | L43: =ROUND(K43*H43,2) -> 0
B44: Concreto Fck 30MPa | D44: Concreto | E44: =E28 -> 74.38 | F44: 1 | G44: m³ / m³ | H44: =F44*E44 -> 74.38 | I44: =DT´s!$E$6 -> 5 | J44: =ROUND(I44*H44,2) -> 371.9 | K44: =DT´s!$F$6 -> 0 | L44: =ROUND(K44*H44,2) -> 0
B45: Concreto Fck 35MPa | D45: Concreto | E45: =E29 -> 205.59 | F45: 1 | G45: m³ / m³ | H45: =F45*E45 -> 205.59 | I45: =DT´s!$E$6 -> 5 | J45: =ROUND(I45*H45,2) -> 1027.95 | K45: =DT´s!$F$6 -> 0 | L45: =ROUND(K45*H45,2) -> 0
B46: Concreto Fck 40MPa | D46: Concreto | E46: =E30 -> 0 | F46: 1 | G46: m³ / m³ | H46: =F46*E46 -> 0 | I46: =DT´s!$E$6 -> 5 | J46: =ROUND(I46*H46,2) -> 0 | K46: =DT´s!$F$6 -> 0 | L46: =ROUND(K46*H46,2) -> 0
G47: Quantidade Total de Concreto (m³): | H47: =SUM(H43:H46) -> 279.97 | J47: =SUM(J43:J46) -> 1399.85 | L47: =SUM(L43:L46) -> 0
B49: Transporte Comercial de Agregados (45205) | I49: Terra | K49: Asfalto
B50: Serviço | C50: Referência | D50: Material | E50: Quant. | F50: Consumo | G50: Unid. | H50: Quant. (m³) | I50: DMT | J50: Quant. (t x km) | K50: DMT | L50: Quant. (t x km)
B51: Pedra Argamassada | C51: 42856 | D51: Pedra | E51: =E24 -> 392.73 | F51: 1.15 | G51: m³ / m³ | H51: =F51*E51 -> 451.6395 | I51: =DT´s!$E$8 -> 0 | J51: =ROUND(I51*H51,2) -> 0 | K51: =DT´s!$F$8 -> 101 | L51: =ROUND(K51*H51,2) -> 45615.59
B52: Argamassa | C52: =C41 -> 0 | D52: Areia | E52: =E41 -> 0 | F52: 0.11 | G52: m³ / m | H52: =F52*E52 -> 0 | I52: =DT´s!$E$9 -> 0 | J52: =ROUND(I52*H52,2) -> 0 | K52: =DT´s!$F$9 -> 29 | L52: =ROUND(K52*H52,2) -> 0
B53: Concreto Fck 15 Mpa | C53: 45050 | D53: Areia | E53: =E40 -> 1.28 | F53: 0.603 | G53: m³ / m³ | H53: =F53*E53 -> 0.77184 | I53: =DT´s!$E$9 -> 0 | J53: =ROUND(I53*H53,2) -> 0 | K53: =DT´s!$F$9 -> 29 | L53: =ROUND(K53*H53,2) -> 22.38
B54: Concreto Fck 15 Mpa | C54: 45050 | D54: Brita | E54: =E53 -> 1.28 | F54: 0.571 | G54: m³ / m³ | H54: =F54*E54 -> 0.73088 | I54: =DT´s!$E$8 -> 0 | J54: =ROUND(I54*H54,2) -> 0 | K54: =DT´s!$F$8 -> 101 | L54: =ROUND(K54*H54,2) -> 73.82
B55: Concreto Fck 20MPa | C55: 45125 | D55: Brita | E55: =E26 -> 0 | F55: 0.578 | G55: m³ / m³ | H55: =F55*E55 -> 0 | I55: =DT´s!$E$8 -> 0 | J55: =ROUND(I55*H55,2) -> 0 | K55: =DT´s!$F$8 -> 101 | L55: =ROUND(K55*H55,2) -> 0
B56: Concreto Fck 20MPa | C56: 45125 | D56: Areia | E56: =E55 -> 0 | F56: 0.59 | G56: m³ / m³ | H56: =F56*E56 -> 0 | I56: =DT´s!$E$9 -> 0 | J56: =ROUND(I56*H56,2) -> 0 | K56: =DT´s!$F$9 -> 29 | L56: =ROUND(K56*H56,2) -> 0
B57: Concreto Fck 25MPa | C57: 45165 | D57: Brita | E57: =E27 -> 0 | F57: 0.587 | G57: m³ / m³ | H57: =F57*E57 -> 0 | I57: =DT´s!$E$8 -> 0 | J57: =ROUND(I57*H57,2) -> 0 | K57: =DT´s!$F$8 -> 101 | L57: =ROUND(K57*H57,2) -> 0
B58: Concreto Fck 25MPa | C58: 45165 | D58: Areia | E58: =E57 -> 0 | F58: 0.585 | G58: m³ / m³ | H58: =F58*E58 -> 0 | I58: =DT´s!$E$9 -> 0 | J58: =ROUND(I58*H58,2) -> 0 | K58: =DT´s!$F$9 -> 29 | L58: =ROUND(K58*H58,2) -> 0
B59: Concreto Fck 30MPa | C59: 45166 | D59: Brita | E59: =E28 -> 74.38 | F59: 0.591 | G59: m³ / m³ | H59: =F59*E59 -> 43.95858 | I59: =DT´s!$E$8 -> 0 | J59: =ROUND(I59*H59,2) -> 0 | K59: =DT´s!$F$8 -> 101 | L59: =ROUND(K59*H59,2) -> 4439.82
B60: Concreto Fck 30MPa | C60: 45166 | D60: Areia | E60: =E59 -> 74.38 | F60: 0.57 | G60: m³ / m³ | H60: =F60*E60 -> 42.3966 | I60: =DT´s!$E$9 -> 0 | J60: =ROUND(I60*H60,2) -> 0 | K60: =DT´s!$F$9 -> 29 | L60: =ROUND(K60*H60,2) -> 1229.5
B61: Concreto Fck 35MPa | C61: 45167 | D61: Areia | E61: =E29 -> 205.59 | F61: 0.54 | G61: m³ / m³ | H61: =F61*E61 -> 111.0186 | I61: =DT´s!$E$9 -> 0 | J61: =ROUND(I61*H61,2) -> 0 | K61: =DT´s!$F$9 -> 29 | L61: =ROUND(K61*H61,2) -> 3219.54
B62: Concreto Fck 35MPa | C62: 45167 | D62: Brita | E62: =E61 -> 205.59 | F62: 0.594 | G62: m³ / m³ | H62: =F62*E62 -> 122.12046 | I62: =DT´s!$E$8 -> 0 | J62: =ROUND(I62*H62,2) -> 0 | K62: =DT´s!$F$8 -> 101 | L62: =ROUND(K62*H62,2) -> 12334.17
B63: Concreto Fck 40MPa | C63: 40168 | D63: Areia | E63: =E30 -> 0 | F63: 0.515 | G63: m³ / m³ | H63: =F63*E63 -> 0 | I63: =DT´s!$E$9 -> 0 | J63: =ROUND(I63*H63,2) -> 0 | K63: =DT´s!$F$9 -> 29 | L63: =ROUND(K63*H63,2) -> 0
B64: Concreto Fck 40MPa | C64: 40168 | D64: Brita | E64: =E63 -> 0 | F64: 0.599 | G64: m³ / m³ | H64: =F64*E64 -> 0 | I64: =DT´s!$E$8 -> 0 | J64: =ROUND(I64*H64,2) -> 0 | K64: =DT´s!$F$8 -> 101 | L64: =ROUND(K64*H64,2) -> 0
G65: Quantidade Total de (ton): | H65: =SUM(H51:H64) -> 772.63646 | J65: =SUM(J51:J64) -> 0 | L65: =SUM(L51:L64) -> 66934.82

Sheet DT´s
A1: MAPA DT´S ORIGEM DOS MATERIAIS
A3: =[42]Orçamento!E2 -> PONTE CÓRREGO MATEIRO - GO-215
A5: Item | B5: Material | C5: Origem | D5: Destino | E5: DMT Terra | F5: DMT Asfalto | G5: Observação
A6: 1 | B6: Diversos | C6: Canteiro | D6: Obra | E6: 5
A7: 2 | B7: Aço / Madeira / Cordoalha | C7: Goiania | D7: Canteiro | E7: 0 | F7: 117
A8: 3 | B8: Brita / Pedra | C8: Pedreira | D8: Canteiro | F8: 101 | G8: Goyas Britas
A9: 4 | B9: Areia | C9: Areal | D9: Canteiro | F9: 29 | G9: Areal 02 - Edealina - GO
A10: 5 | B10: Cimento | C10: Cimenteira | D10: Canteiro | E10: 0 | F10: 61 | G10: Votorantim (Edealina)
A11: 6
A12: 7
A13: 8
A14: 9
A15: 10
A16: 11
B18: Aço / Madeira / Cordoalha | G18: Areia
B36: Cimento | G36: Brita / Pedra

Sheet Consumos
A4: CONSUMOS - OBRAS LONGARINAS PRÉ-MOLDADAS
A5: Elementos | B5: Obra 1 | C5: Obra 2 | D5: Obra 3 | E5: Obra 4 | F5: Obra 5 | G5: Obra 6 | H5: Obra 7 | I5: Obra 8 | J5: Obra 9 | K5: Obra 10 | L5: Média
A6: Estaca Raiz (kg/m) | B6: 14 | C6: 25 | D6: 14 | E6: 17 | G6: 18 | I6: 19 | J6: 11 | K6: 16 | L6: =ROUND((AVERAGE(B6:K6)),0) -> 17
A7: Blocos | B7: 60 | C7: 71 | D7: 57 | E7: 50 | F7: 61 | G7: 64 | H7: 49 | I7: 51 | J7: 60 | K7: 55 | L7: =ROUND((AVERAGE(B7:K7)),0) -> 58
A8: Pilares | B8: 88 | C8: 85 | D8: 93 | E8: 55 | F8: 309 | G8: 60 | H8: 433 | I8: 85 | J8: 156 | K8: 52 | L8: =ROUND((AVERAGE(B8:K8)),0) -> 142
A9: Travessas / alas / cortinas | B9: 171 | C9: 168 | D9: 135 | E9: 142 | F9: 99 | G9: 158 | H9: 176 | I9: 211 | J9: 262 | K9: 166 | L9: =ROUND((AVERAGE(B9:K9)),0) -> 169
A10: Longarinas (CA-50) | B10: 146 | C10: 181 | D10: 200 | E10: 183 | F10: 174 | G10: 160 | H10: 183 | I10: 161 | J10: 124 | K10: 176 | L10: =ROUND((AVERAGE(B10:K10)),0) -> 169
A11: Longarinas (CP) | B11: 41 | C11: 38 | D11: 47 | E11: 65 | F11: 46 | G11: 65 | H11: 52 | I11: 45 | J11: 44 | K11: 45 | L11: =ROUND((AVERAGE(B11:K11)),0) -> 49
A12: Transversinas | B12: 140 | C12: 120 | D12: 145 | E12: 134 | F12: 130 | G12: 172 | H12: 226 | I12: 140 | J12: 123 | K12: 117 | L12: =ROUND((AVERAGE(B12:K12)),0) -> 145
A13: Pré lajes | B13: 325 | C13: 319 | D13: 550 | E13: 360 | F13: 209 | G13: 204 | H13: 193 | I13: 299 | J13: 340 | K13: 272 | L13: =ROUND((AVERAGE(B13:K13)),0) -> 307
A14: Lajes | B14: 108 | C14: 94 | D14: 184 | E14: 81 | F14: 148 | G14: 169 | H14: 97 | I14: 100 | J14: 102 | K14: 95 | L14: =ROUND((AVERAGE(B14:K14)),0) -> 118
A15: Laje de Transição | B15: 137 | C15: 122 | D15: 145 | E15: 72 | F15: 80 | G15: 87 | H15: 89 | I15: 55 | J15: 114 | K15: 154 | L15: =ROUND((AVERAGE(B15:K15)),0) -> 106
A16: New Jerseys | B16: 89 | C16: 84 | D16: 71 | E16: 87 | F16: 86 | G16: 86 | H16: 73 | I16: 118 | J16: 90 | K16: 89 | L16: =ROUND((AVERAGE(B16:K16)),0) -> 87
A18: Obra 1: | B18: Ponte Rio Murere Vazante I - BR-158/MS - DNIT | G18: Obra 6: | H18: Viaduto GO-139 com GO-213 - GOINFRA
A19: Obra 2: | B19: Ponte Rio Pintado - GO-154 - GOINFRA | G19: Obra 7: | H19: Viaduto GO-020 com GO-536 - AGETOP
A20: Obra 3: | B20: Viaduto BR-324 (Feira de Santana) - DNIT | G20: Obra 8: | H20: Viaduto SINOP - P.M. Sinop
A21: Obra 4: | B21: Ponte Ribeirão Água Limpa - CODEVASF | G21: Obra 9: | H21: Ponte Av. Cidade Livre - P.M. Aparecida de Goiânia
A22: Obra 5: | B22: Viaduto acesso ARAUCO MS-377 - AGESUL | G22: Obra 10: | H22: Ponte Rio Aquidauana - BR-419/MS - DNIT
A25: CONSUMOS - OBRAS LONGARINAS MOLDADAS IN LOCO
A26: Elementos | B26: Obra 1 | C26: Obra 2 | D26: Obra 3 | E26: Obra 4 | F26: Obra 5 | G26: Obra 6 | H26: Obra 7 | I26: Obra 8 | J26: Obra 9 | K26: Obra 10 | L26: Média
A27: Estaca Raiz (kg/m) | B27: 13 | C27: 28 | E27: 29 | F27: 9 | G27: 19 | H27: 9 | K27: 8 | L27: =ROUND((AVERAGE(B27:K27)),0) -> 16
A28: Blocos | B28: 69 | C28: 117 | D28: 50 | E28: 56 | F28: 56 | G28: 58 | H28: 74 | K28: 96 | L28: =ROUND((AVERAGE(B28:K28)),0) -> 72
A29: Pilares | B29: 66 | C29: 65 | D29: 55 | E29: 68 | F29: 93 | G29: 79 | H29: 71 | I29: 101 | J29: 105 | K29: 62 | L29: =ROUND((AVERAGE(B29:K29)),0) -> 77
A30: Travessas | B30: 190 | C30: 199 | D30: 180 | E30: 211 | F30: 217 | G30: 194 | H30: 193 | I30: 167 | J30: 167 | K30: 198 | L30: =ROUND((AVERAGE(B30:K30)),0) -> 192
A31: Longarinas (CA-50) | F31: 230 | I31: 178 | J31: 177 | L31: =ROUND((AVERAGE(B31:K31)),0) -> 195
A32: Longarinas (CA-50) | B32: 137 | C32: 168 | D32: 110 | E32: 136 | G32: 127 | H32: 114 | K32: 170 | L32: =ROUND((AVERAGE(B32:K32)),0) -> 137
A33: Longarinas (CP) | B33: 50 | C33: 40 | D33: 41 | E33: 44 | G33: 33 | H33: 42 | K33: 40 | L33: =ROUND((AVERAGE(B33:K33)),0) -> 41
A34: Transversinas / alas / cortinas | B34: 186 | C34: 194 | D34: 209 | E34: 202 | F34: 240 | G34: 200 | H34: 195 | I34: 180 | J34: 180 | K34: 198 | L34: =ROUND((AVERAGE(B34:K34)),0) -> 198
A35: Laje de Transição | B35: 102 | C35: 91 | D35: 123 | E35: 146 | F35: 80 | G35: 147 | H35: 91 | I35: 85 | J35: 85 | K35: 91 | L35: =ROUND((AVERAGE(B35:K35)),0) -> 104
A36: Lajes | B36: 116 | C36: 98 | D36: 105 | E36: 151 | F36: 156 | G36: 167 | H36: 116 | I36: 148 | J36: 148 | K36: 100 | L36: =ROUND((AVERAGE(B36:K36)),0) -> 131
A37: New Jerseys | B37: 87 | C37: 82 | D37: 88 | E37: 96 | F37: 87 | G37: 97 | H37: 90 | I37: 77 | J37: 77 | K37: 82 | L37: =ROUND((AVERAGE(B37:K37)),0) -> 86
A39: Obra 1: | B39: Ponte Ribeirão Olhos d´água GO-460 - GOINFRA | G39: Obra 6: | H39: Ponte Córrego Palmeiras GO-108 - GOINFRA
A40: Obra 2: | B40: Ponte Córrego Bandeirantes GO-336 - GOINFRA | G40: Obra 7: | H40: Ponte Ribeirão Andorinhas GO-139 - GOINFRA
A41: Obra 3: | B41: Ponte Córrego Retiro GO-221 - GOINFRA | G41: Obra 8: | H41: Ponte Córrego Lajeado BR-419/MS - DNIT
A42: Obra 4: | B42: Ponte Córrego São Bernanrdo GO-108 - GOINFRA | G42: Obra 9: | H42: Ponte Córrego Mambuca BR-419/MS - DNIT
A43: Obra 5: | B43: Ponte Córrego dos Macacos GO-236 - GOINFRA | G43: Obra 10: | H43: Ponte GO-156 - GOINFRA

Sheet Conversão
B5: Elemento: | C5: Estaca
A6: Ø mm | B6: Massa (kg/m) | C6: Comp. (m) | D6: Comp. (m) | E6: Comp. (m) | F6: Comp. (m) | G6: Comp. (m) | H6: Comp. (m) | I6: Comp. (m) | J6: Comp. (m) | K6: Comp. (m) | L6: Comp. (m) | M6: Total (m) | N6: Massa Total (kg)
A7: 4.2 | B7: 0.1088 | M7: =SUM(C7:L7) -> 0 | N7: =ROUND(M7*B7,0) -> 0
A8: 5.0 | B8: 0.154 | M8: =SUM(C8:L8) -> 0 | N8: =ROUND(M8*B8,0) -> 0
A9: 6.3 | B9: 0.2447 | M9: =SUM(C9:L9) -> 0 | N9: =ROUND(M9*B9,0) -> 0
A10: 8.0 | B10: 0.3946 | M10: =SUM(C10:L10) -> 0 | N10: =ROUND(M10*B10,0) -> 0
A11: 10.0 | B11: 0.617 | M11: =SUM(C11:L11) -> 0 | N11: =ROUND(M11*B11,0) -> 0
A12: 12.5 | B12: 0.963 | M12: =SUM(C12:L12) -> 0 | N12: =ROUND(M12*B12,0) -> 0
A13: 16.0 | B13: 1.5783 | M13: =SUM(C13:L13) -> 0 | N13: =ROUND(M13*B13,0) -> 0
A14: 20.0 | B14: 2.466 | M14: =SUM(C14:L14) -> 0 | N14: =ROUND(M14*B14,0) -> 0
A15: 25.0 | B15: 3.8534 | M15: =SUM(C15:L15) -> 0 | N15: =ROUND(M15*B15,0) -> 0
A16: 32.0 | B16: 6.3133 | M16: =SUM(C16:L16) -> 0 | N16: =ROUND(M16*B16,0) -> 0
A17: 40.0 | B17: 9.8646 | M17: =SUM(C17:L17) -> 0 | N17: =ROUND(M17*B17,0) -> 0
M18: Total CA 50 (kg): | N18: =SUM(N9:N17) -> 0
M19: Total CA 60 (kg): | N19: =SUM(N7:N8) -> 0
B21: Elemento: | C21: Bloco
A22: Ø mm | B22: Massa (kg/m) | C22: Comp. (m) | D22: Comp. (m) | E22: Comp. (m) | F22: Comp. (m) | G22: Comp. (m) | H22: Comp. (m) | I22: Comp. (m) | J22: Comp. (m) | K22: Comp. (m) | L22: Comp. (m) | M22: Total (m) | N22: Massa Total (kg)
A23: 4.2 | B23: 0.1088 | M23: =SUM(C23:L23) -> 0 | N23: =ROUND(M23*B23,0) -> 0
A24: 5.0 | B24: 0.154 | M24: =SUM(C24:L24) -> 0 | N24: =ROUND(M24*B24,0) -> 0
A25: 6.3 | B25: 0.2447 | M25: =SUM(C25:L25) -> 0 | N25: =ROUND(M25*B25,0) -> 0
A26: 8.0 | B26: 0.3946 | M26: =SUM(C26:L26) -> 0 | N26: =ROUND(M26*B26,0) -> 0
A27: 10.0 | B27: 0.617 | M27: =SUM(C27:L27) -> 0 | N27: =ROUND(M27*B27,0) -> 0
A28: 12.5 | B28: 0.963 | M28: =SUM(C28:L28) -> 0 | N28: =ROUND(M28*B28,0) -> 0
A29: 16.0 | B29: 1.5783 | M29: =SUM(C29:L29) -> 0 | N29: =ROUND(M29*B29,0) -> 0
A30: 20.0 | B30: 2.466 | M30: =SUM(C30:L30) -> 0 | N30: =ROUND(M30*B30,0) -> 0
A31: 25.0 | B31: 3.8534 | M31: =SUM(C31:L31) -> 0 | N31: =ROUND(M31*B31,0) -> 0
A32: 32.0 | B32: 6.3133 | M32: =SUM(C32:L32) -> 0 | N32: =ROUND(M32*B32,0) -> 0
A33: 40.0 | B33: 9.8646 | M33: =SUM(C33:L33) -> 0 | N33: =ROUND(M33*B33,0) -> 0
M34: Total CA 50 (kg): | N34: =SUM(N25:N33) -> 0
M35: Total CA 60 (kg): | N35: =SUM(N23:N24) -> 0
B37: Elemento: | C37: Ala
A38: Ø mm | B38: Massa (kg/m) | C38: Comp. (m) | D38: Comp. (m) | E38: Comp. (m) | F38: Comp. (m) | G38: Comp. (m) | H38: Comp. (m) | I38: Comp. (m) | J38: Comp. (m) | K38: Comp. (m) | L38: Comp. (m) | M38: Total (m) | N38: Massa Total (kg)
A39: 4.2 | B39: 0.1088 | M39: =SUM(C39:L39) -> 0 | N39: =ROUND(M39*B39,0) -> 0
A40: 5.0 | B40: 0.154 | M40: =SUM(C40:L40) -> 0 | N40: =ROUND(M40*B40,0) -> 0
A41: 6.3 | B41: 0.2447 | M41: =SUM(C41:L41) -> 0 | N41: =ROUND(M41*B41,0) -> 0
A42: 8.0 | B42: 0.3946 | C42: 162.38 | D42: 250.88 | M42: =SUM(C42:L42) -> 413.26 | N42: =ROUND(M42*B42,0) -> 163
A43: 10.0 | B43: 0.617 | M43: =SUM(C43:L43) -> 0 | N43: =ROUND(M43*B43,0) -> 0
A44: 12.5 | B44: 0.963 | M44: =SUM(C44:L44) -> 0 | N44: =ROUND(M44*B44,0) -> 0
A45: 16.0 | B45: 1.5783 | C45: 100.8 | D45: 44.48 | M45: =SUM(C45:L45) -> 145.28 | N45: =ROUND(M45*B45,0) -> 229
A46: 20.0 | B46: 2.466 | M46: =SUM(C46:L46) -> 0 | N46: =ROUND(M46*B46,0) -> 0
A47: 25.0 | B47: 3.8534 | M47: =SUM(C47:L47) -> 0 | N47: =ROUND(M47*B47,0) -> 0
A48: 32.0 | B48: 6.3133 | M48: =SUM(C48:L48) -> 0 | N48: =ROUND(M48*B48,0) -> 0
A49: 40.0 | B49: 9.8646 | M49: =SUM(C49:L49) -> 0 | N49: =ROUND(M49*B49,0) -> 0
M50: Total CA 50 (kg): | N50: =SUM(N41:N49) -> 392
M51: Total CA 60 (kg): | N51: =SUM(N39:N40) -> 0
O52: =N50+N66 -> 392
B53: Elemento: | C53: Transversinas
A54: Ø mm | B54: Massa (kg/m) | C54: Comp. (m) | D54: Comp. (m) | E54: Comp. (m) | F54: Comp. (m) | G54: Comp. (m) | H54: Comp. (m) | I54: Comp. (m) | J54: Comp. (m) | K54: Comp. (m) | L54: Comp. (m) | M54: Total (m) | N54: Massa Total (kg)
A55: 4.2 | B55: 0.1088 | M55: =SUM(C55:L55) -> 0 | N55: =ROUND(M55*B55,0) -> 0
A56: 5.0 | B56: 0.154 | M56: =SUM(C56:L56) -> 0 | N56: =ROUND(M56*B56,0) -> 0
A57: 6.3 | B57: 0.2447 | M57: =SUM(C57:L57) -> 0 | N57: =ROUND(M57*B57,0) -> 0
A58: 8.0 | B58: 0.3946 | M58: =SUM(C58:L58) -> 0 | N58: =ROUND(M58*B58,0) -> 0
A59: 10.0 | B59: 0.617 | M59: =SUM(C59:L59) -> 0 | N59: =ROUND(M59*B59,0) -> 0
A60: 12.5 | B60: 0.963 | M60: =SUM(C60:L60) -> 0 | N60: =ROUND(M60*B60,0) -> 0
A61: 16.0 | B61: 1.5783 | M61: =SUM(C61:L61) -> 0 | N61: =ROUND(M61*B61,0) -> 0
A62: 20.0 | B62: 2.466 | M62: =SUM(C62:L62) -> 0 | N62: =ROUND(M62*B62,0) -> 0
A63: 25.0 | B63: 3.8534 | M63: =SUM(C63:L63) -> 0 | N63: =ROUND(M63*B63,0) -> 0
A64: 32.0 | B64: 6.3133 | M64: =SUM(C64:L64) -> 0 | N64: =ROUND(M64*B64,0) -> 0
A65: 40.0 | B65: 9.8646 | M65: =SUM(C65:L65) -> 0 | N65: =ROUND(M65*B65,0) -> 0
M66: Total CA 50 (kg): | N66: =SUM(N57:N65) -> 0
M67: Total CA 60 (kg): | N67: =SUM(N55:N56) -> 0
B69: Elemento: | C69: longarina
A70: Ø mm | B70: Massa (kg/m) | C70: Comp. (m) | D70: Comp. (m) | E70: Comp. (m) | F70: Comp. (m) | G70: Comp. (m) | H70: Comp. (m) | I70: Comp. (m) | J70: Comp. (m) | K70: Comp. (m) | L70: Comp. (m) | M70: Total (m) | N70: Massa Total (kg)
A71: 4.2 | B71: 0.1088 | M71: =SUM(C71:L71) -> 0 | N71: =ROUND(M71*B71,0) -> 0
A72: 5.0 | B72: 0.154 | M72: =SUM(C72:L72) -> 0 | N72: =ROUND(M72*B72,0) -> 0
A73: 6.3 | B73: 0.2447 | M73: =SUM(C73:L73) -> 0 | N73: =ROUND(M73*B73,0) -> 0
A74: 8.0 | B74: 0.3946 | M74: =SUM(C74:L74) -> 0 | N74: =ROUND(M74*B74,0) -> 0
A75: 10.0 | B75: 0.617 | M75: =SUM(C75:L75) -> 0 | N75: =ROUND(M75*B75,0) -> 0
A76: 12.5 | B76: 0.963 | M76: =SUM(C76:L76) -> 0 | N76: =ROUND(M76*B76,0) -> 0
A77: 16.0 | B77: 1.5783 | M77: =SUM(C77:L77) -> 0 | N77: =ROUND(M77*B77,0) -> 0
A78: 20.0 | B78: 2.466 | M78: =SUM(C78:L78) -> 0 | N78: =ROUND(M78*B78,0) -> 0
A79: 25.0 | B79: 3.8534 | M79: =SUM(C79:L79) -> 0 | N79: =ROUND(M79*B79,0) -> 0
A80: 32.0 | B80: 6.3133 | M80: =SUM(C80:L80) -> 0 | N80: =ROUND(M80*B80,0) -> 0
A81: 40.0 | B81: 9.8646 | M81: =SUM(C81:L81) -> 0 | N81: =ROUND(M81*B81,0) -> 0
M82: Total CA 50 (kg): | N82: =SUM(N73:N81) -> 0
M83: Total CA 60 (kg): | N83: =SUM(N71:N72) -> 0
B85: Elemento: | C85: guarda roda
A86: Ø mm | B86: Massa (kg/m) | C86: Comp. (m) | D86: Comp. (m) | E86: Comp. (m) | F86: Comp. (m) | G86: Comp. (m) | H86: Comp. (m) | I86: Comp. (m) | J86: Comp. (m) | K86: Comp. (m) | L86: Comp. (m) | M86: Total (m) | N86: Massa Total (kg)
A87: 4.2 | B87: 0.1088 | M87: =SUM(C87:L87) -> 0 | N87: =ROUND(M87*B87,0) -> 0
A88: 5.0 | B88: 0.154 | M88: =SUM(C88:L88) -> 0 | N88: =ROUND(M88*B88,0) -> 0
A89: 6.3 | B89: 0.2447 | M89: =SUM(C89:L89) -> 0 | N89: =ROUND(M89*B89,0) -> 0
A90: 8.0 | B90: 0.3946 | M90: =SUM(C90:L90) -> 0 | N90: =ROUND(M90*B90,0) -> 0
A91: 10.0 | B91: 0.617 | M91: =SUM(C91:L91) -> 0 | N91: =ROUND(M91*B91,0) -> 0
A92: 12.5 | B92: 0.963 | M92: =SUM(C92:L92) -> 0 | N92: =ROUND(M92*B92,0) -> 0
A93: 16.0 | B93: 1.5783 | M93: =SUM(C93:L93) -> 0 | N93: =ROUND(M93*B93,0) -> 0
A94: 20.0 | B94: 2.466 | M94: =SUM(C94:L94) -> 0 | N94: =ROUND(M94*B94,0) -> 0
A95: 25.0 | B95: 3.8534 | M95: =SUM(C95:L95) -> 0 | N95: =ROUND(M95*B95,0) -> 0
A96: 32.0 | B96: 6.3133 | M96: =SUM(C96:L96) -> 0 | N96: =ROUND(M96*B96,0) -> 0
A97: 40.0 | B97: 9.8646 | M97: =SUM(C97:L97) -> 0 | N97: =ROUND(M97*B97,0) -> 0
M98: Total CA 50 (kg): | N98: =SUM(N89:N97) -> 0 | Q98: =N98+N114+N147+N66+N131 -> 0
M99: Total CA 60 (kg): | N99: =SUM(N87:N88) -> 0
B101: Elemento: | C101: laje de aproximação
A102: Ø mm | B102: Massa (kg/m) | C102: Comp. (m) | D102: Comp. (m) | E102: Comp. (m) | F102: Comp. (m) | G102: Comp. (m) | H102: Comp. (m) | I102: Comp. (m) | J102: Comp. (m) | K102: Comp. (m) | L102: Comp. (m) | M102: Total (m) | N102: Massa Total (kg)
A103: 4.2 | B103: 0.1088 | M103: =SUM(C103:L103) -> 0 | N103: =ROUND(M103*B103,0) -> 0
A104: 5.0 | B104: 0.154 | M104: =SUM(C104:L104) -> 0 | N104: =ROUND(M104*B104,0) -> 0
A105: 6.3 | B105: 0.245 | M105: =SUM(C105:L105) -> 0 | N105: =ROUND(M105*B105,0) -> 0
A106: 8.0 | B106: 0.395 | M106: =SUM(C106:L106) -> 0 | N106: =ROUND(M106*B106,0) -> 0
A107: 10.0 | B107: 0.617 | M107: =SUM(C107:L107) -> 0 | N107: =ROUND(M107*B107,0) -> 0
A108: 12.5 | B108: 0.963 | M108: =SUM(C108:L108) -> 0 | N108: =ROUND(M108*B108,0) -> 0
A109: 16.0 | B109: 1.578 | M109: =SUM(C109:L109) -> 0 | N109: =ROUND(M109*B109,0) -> 0
...

Sheet Mob e Desmob Pav
A1: MOBILIZAÇÃO DE EQUIPAMENTO
A2: DESCRIÇÃO | C2: DT | D2: Custo | E2: CONFORME PROJETO | H2: Cronograma de Utilização
A3: EQUIPAMENTO DE GRANDE PORTE – 40 KM/H | E3: QUANTIDADE | F3: CUSTO TOTAL | H3: 1º MÊS | I3: 2º MÊS | J3: 3º MÊS | K3: 4º MÊS | L3: 5º MÊS | M3: 6º MÊS | N3: 7º MÊS | O3: 8º MÊS
A4: MINI-CARREGADEIRA DE PNEUS COM VASSOURA DE 1,8m | C4: =DT´s!F7 -> 117 | D4: 2.86 | E4: 1 | F4: =TRUNC(C4*E4*D4,2) -> 334.62 | H4: 1 | I4: 1 | J4: 1 | K4: 1 | L4: 1 | M4: 1 | N4: 1 | O4: 1
A5: CARREGADEIRA DE PNEUS CAT - 924 G OU EQUIVALENTE | F5: =TRUNC(C5*E5*D5,2) -> 0
A6: CARREGADEIRA DE PNEUS CAT - 950 H OU EQUIVALENTE | F6: =TRUNC(C6*E6*D6,2) -> 0
A7: ESCAVADEIRA HIDRÁULICA - 320DL OU EQUIVALENTE | C7: =$C$4 -> 117 | D7: 9.56 | E7: 1 | F7: =TRUNC(C7*E7*D7,2) -> 1118.52 | H7: 1 | I7: 1
A8: ESCAVADEIRA HIDRÁULICA - CAT 323DL OU EQUIVALENTE | F8: =TRUNC(C8*E8*D8,2) -> 0
A9: FRESADORA A FRIO W200 OU EQUIVALENTE | F9: =TRUNC(C9*E9*D9,2) -> 0
A10: MOTONIVELADORA - CAT 120K OU EQUIVALENTE | F10: =TRUNC(C10*E10*D10,2) -> 0
A11: PERFURATRIZ SOBRE ESTEIRAS - CRAWLER DRILL OU EQUIVALENTE | C11: =$C$4 -> 117 | D11: 9.56 | E11: 1 | F11: =TRUNC(C11*E11*D11,2) -> 1118.52 | H11: 1 | I11: 1 | J11: 1
A12: RETRO ESCAVADEIRA DE PNEUS - MF 86HS OU EQUIVALENTE | F12: =TRUNC(C12*E12*D12,2) -> 0
A13: RECICLADORA DE PAVIMENTO À FRIO | F13: =TRUNC(C13*E13*D13,2) -> 0
A14: ROLO COMPAC. PNEUS AUTOPROP. 27 T | F14: =TRUNC(C14*E14*D14,2) -> 0
A15: ROLO LISO TANDEN - 6/8 T - CA-150 OU EQUIVALENTE | F15: =TRUNC(C15*E15*D15,2) -> 0
A16: ROLO LISO VIBRAT. AUTOPROP. - CA 250 OU EQUIVALENTE | F16: =TRUNC(C16*E16*D16,2) -> 0
A17: ROLO PÉ DE CARNEIRO AUTOPROP. CA-25 OU EQUIVALENTE | F17: =TRUNC(C17*E17*D17,2) -> 0
A18: TRATOR DE PNEUS AGRÍCOLA – MF4292 OU EQUIVALENTE | F18: =TRUNC(C18*E18*D18,2) -> 0
A19: TRATOR EST. C/ ESCARIFICADOR - CAT D8 OU EQUIVALENTE | F19: =TRUNC(C19*E19*D19,2) -> 0
A20: TRATOR ESTEIRA C/ LÂMINA - CAT D8 OU EQUIVALENTE | F20: =TRUNC(C20*E20*D20,2) -> 0
A21: TRATOR ESTEIRAS COM LAMINA - CAT D-6 OU EQUIVALENTE | F21: =TRUNC(C21*E21*D21,2) -> 0
A22: TRATOR ESTEIRAS COM LAMINA - Komatsu: D41E-6 OU EQUIVALENTE | F22: =TRUNC(C22*E22*D22,2) -> 0
A23: TANQUE EST. ASFALTO (30.000L) | F23: =TRUNC(C23*E23*D23,2) -> 0
... A27: VIBROACABADORA DE ASFALTO SOBRE ESTEIRAS | F27: =TRUNC(C27*E27*D27,2) -> 0
A28: TOTAL (A) | E28: =SUM(F4:F27) -> 2571.66
A30: VEÍCULOS DE PRODUÇÃO (AUTOPROPELIDOS) – 50 KM/H | C30: DT | D30: Custo | E30: CONFORME PROJETO | H30: Cronograma de Utilização
E31: QUANTIDADE | F31: CUSTO TOTAL | H31: 1º MÊS | I31: 2º MÊS | J31: 3º MÊS | K31: 4º MÊS | L31: 5º MÊS | M31: 6º MÊS | N31: 7º MÊS | O31: 8º MÊS
A32: CAMINHÃO BASCULANTE 10 M3 - 15 T | C32: =$C$4 -> 117 | D32: 6.01 | E32: 2 | F32: =TRUNC(C32*E32*D32,2) -> 1406.34 | H32: 1 | I32: 1 | J32: 1 | K32: 1 | L32: 1 | M32: 1 | N32: 1 | O32: 1
A33: CAMINHÃO BASCULANTE 6 M3 - 10,5 T | F33: =TRUNC(C33*E33*D33,2) -> 0
A34: CAMINHÃO CARROCERIA MADEIRA - 15 T | C34: =$C$4 -> 117 | D34: 5.14 | E34: 1 | F34: =TRUNC(C34*E34*D34,2) -> 601.38 | H34: 1 | I34: 1 | J34: 1 | K34: 1 | L34: 1 | M34: 1 | N34: 1 | O34: 1
A35: CAMINHÃO TANQUE 10.000L | F35: =TRUNC(C35*E35*D35,2) -> 0
A36: CAMINHÃO TANQUE 6.000L | F36: =TRUNC(C36*E36*D36,2) -> 0
A37: CAMINHÃO MUNCK | C37: =$C$4 -> 117 | D37: 5.07 | E37: 1 | F37: =TRUNC(C37*E37*D37,2) -> 593.19 | H37: 1 | I37: 1 | J37: 1 | K37: 1 | L37: 1 | M37: 1 | N37: 1 | O37: 1
A38: USINA MOVEL DE LAMA ASFÁLTICA | F38: =TRUNC(C38*E38*D38,2) -> 0
A39: USINA MÓVEL PARA MICRO REVESTIMENTO | F39: =TRUNC(C39*E39*D39,2) -> 0
A40: CAMINHÃO DISTRIBUIDOR DE ASFALTO | F40: =TRUNC(C40*E40*D40,2) -> 0
A41: CAMINHÃO PARA HIDROSEMEADURA – 7.000l | F41: =TRUNC(C41*E41*D41,2) -> 0
A42: CAMINHÃO PARA PINTURA A FRIO COM DEMARCADOR DE FAIXAS | F42: =TRUNC(C42*E42*D42,2) -> 0
A43: TOTAL (B) | E43: =SUM(F32:F42) -> 2600.91
A45: CUSTO TOTAL ((A)+(B))*2 | E45: =(E28+E43)*2 -> 10345.14
A46: BDI (27,21%) | E46: =ROUND(0.2721*E45,2) -> 2814.91
A47: PREÇO TOTAL | E47: =SUM(E45:F46) -> 13160.05

Sheet Tabela
H1: GOINFRA - Agência Goiana de Infraestrutura e Transportes | S1: 06/05/2025 - 10:35
H3: Custo Referencial de Serviços
A5: Tabela de Preços: | F5: TABELA DE TERRAPLENAGEM, PAVIMENTAÇÃO E OBRAS DE ARTE ESPECIAIS - FEV/25 - SEM DESONERAÇÃO - T289 | P5: Data Base: 01/02/2025
A6: Valores com BDI - BDI: 27,21%
A8: Código Auxiliar | C8: Serviço | R8: Unidade | U8: Preço Unitário
A9: 100001 | C9: TERRAPLENAGEM
A10: 40001 | C10: DESMATAMENTO E LIMPEZA - INCLUSO DESTOCAMENTO DE ÁRVORES COM DIÂMETROS MENORES DE 15 cm | R10: m2 | U10: 0.68
A11: 40003 | C11: DESTOCAMENTO DE ÁRVORES COM DIÂMETRO DE 15 A 30 cm | R11: un | U11: 51.44
A12: 40004 | C12: DESTOCAMENTO DE ÁRVORES COM DIÂMETRO MAIOR QUE 30 cm | R12: un | U12: 128.62
A13: 40005 | C13: CARGA DE ENTULHOS | R13: m3 | U13: 3.25
A14: 40006 | C14: TRANSPORTE DE ENTULHOS | R14: m3km | U14: 2.95
A15: 40010 | C15: ESCAVAÇÃO, CARGA E TRANSPORTE DE MATERIAL DE 1ª CATEGORIA ATÉ 50M | R15: m3 | U15: 3.75
A16: 40011 | C16: ESCAVAÇÃO, CARGA E TRANSPORTE DE MATERIAL DE 2ª CATEGORIA ATÉ 50M | R16: m3 | U16: 8.66
A17: 40012 | C17: ESCAVAÇÃO, CARGA E TRANSPORTE DE MATERIAL DE 3ª CATEGORIA ATÉ 50M | R17: m3 | U17: 43.22
A18: 40015 | C18: ESCAV., CARGA E TRANSPORTE DE MAT. 1ª CATEG. - C/ ESCAVADEIRA - (DT: 51 A 200M) | R18: m3 | U18: 9.32
A19: 40016 | C19: ESCAV., CARGA E TRANSPORTE DE MAT. 1ª CATEG. - C/ ESCAVADEIRA - (DT: 201 A 400M) | R19: m3 | U19: 10.78
A20: 40017 | C20: ESCAV., CARGA E TRANSPORTE DE MAT. 1ª CATEG. - C/ ESCAVADEIRA - (DT: 401 A 600M) | R20: m3 | U20: 11.42
A21: 40018 | C21: ESCAV., CARGA E TRANSPORTE DE MAT. 1ª CATEG. - C/ ESCAVADEIRA - (DT: 601 A 800M) | R21: m3 | U21: 12.81
... A99: 40145 | C99: ESPALHAMENTO DE MATERIAL EM BOTA-FORA | R99: m3 | U99: 2.55
A100: 100002 | C100: PAVIMENTAÇÃO
A101: 40305 | C101: ACABAMENTO E RECOMPOSIÇÃO DE JAZIDA | R101: m2 | U101: 0.5
A102: 40310 | C102: REGULARIZAÇÃO E COMPACTAÇÃO DO SUB-LEITO | R102: m2 | U102: 3.53
A103: 40315 | C103: ESCAVAÇÃO E CARGA DE MATERIAL DE JAZIDA | R103: m3 | U103: 5.36
A104: 40317 | C104: FORNECIMENTO DE MATERIAL DE JAZIDA (CASCALHO) | R104: m3 | U104: 24.58
A105: 40320 | C105: TRANSPORTE DE MATERIAL DE JAZIDA (CASCALHO) | R105: m3km | U105: 3.25
A106: 40325 | C106: TRANSPORTE LOCAL DA MISTURA | R106: m3km | U106: 2.35
A107: 40326 | C107: TRANSPORTE COMERCIAL DA MISTURA | R107: m3km | U107: 1.59
A108: 40335 | C108: ESTABILIZAÇÃO GRANULOMÉTRICA SEM MISTURA - REF.PROCTOR: 26 GOLPES (100% P.I.) | R108: m3 | U108: 23.24
A109: 40336 | C109: ESTABILIZAÇÃO GRANULOMÉTRICA SEM MISTURA - REF.PROCTOR: 39 GOLPES (100% P.IM.) | R109: m3 | U109: 26.19
A110: 40337 | C110: ESTABILIZAÇÃO GRANULOMÉTRICA SEM MISTURA - REF.PROCTOR: 55 GOLPES (100% P.M.) | R110: m3 | U110: 29.25
A111: 40350 | C111: ESTABILIZAÇÃO SOLO-CIMENTO 2% PESO - PISTA | R111: m3 | U111: 61.23
A112: 40365 | C112: ESTABILIZAÇÃO SOLO-CIMENTO 6% PESO - USINA | R112: m3 | U112: 133.6
... A165: 42498 | C165: USINAGEM DE CONCRETO BETUMINOSO USINADO À QUENTE - CBUQ - FAIXA B | R165: m3 | U165: 474.2
A166: 100004 | C166: DRENAGEM
A167: 41201 | C167: SARJETA TRIANGULAR DE CONCRETO - STC 150-30 | R167: m | U167: 106.83
A168: 41202 | C168: SARJETA TRIANGULAR DE CONCRETO - STC 125-25 | R168: m | U168: 89.11
A169: 41203 | C169: SARJETA TRIANGULAR DE CONCRETO - STC 100-20 | R169: m | U169: 71.61
A170: 41204 | C170: SARJETA TRIANGULAR DE CONCRETO - STC 80-15 | R170: m | U170: 57.37
A171: 41205 | C171: SARJETA TRIANGULAR DE CONCRETO - STC 150-32 | R171: m | U171: 109.8
A172: 41206 | C172: SARJETA TRIANGULAR DE CONCRETO - STC 125-27 | R172: m | U172: 91.79
A173: 41207 | C173: SARJETA TRIANGULAR DE CONCRETO - STC 100-21 | R173: m | U173: 73.32
A174: 41208 | C174: SARJETA TRIANGULAR DE CONCRETO - STC 80-17 | R174: m | U174: 59.2
A175: 41209 | C175: SARJETA TRIANGULAR DE CONCRETO - STC 108-25 | R175: m | U175: 83.46
A176: 41210 | C176: SARJETA TRIANGULAR DE CONCRETO - STC 88-20 | R176: m | U176: 67.49
A177: 41211 | C177: SARJETA TRIANGULAR DE CONCRETO - STC 73-15 | R177: m | U177: 54.68
A178: 41216 | C178: SARJETA TRIANGULAR DE GRAMA - STG 125-25 | R178: m | U178: 29.97
... A279: 47024 | C279: ESCAVAÇÃO MECÂNICA DE VALA PARA DRENAGEM | R279: m3 | U279: 25.06
A280: 100005 | C280: OBRAS COMPLEMENTARES
A281: 40800 | C281: CERCA DE VEDAÇÃO DE FAIXA DE DOMÍNIO EM MADEIRA | R281: M | U281: 22.77
A282: 40804 | C282: REMOÇÃO DE CERCA | R282: m | U282: 7.11
A283: 40805 | C283: REMOÇÃO E RECOLOCAÇÃO DE CERCA | R283: M | U283: 16.04
A284: 40810 | C284: DEFENSA METÁLICA SEMI-MALEÁVEL SIMPLES | R284: M | U284: 476.1
A285: 40811 | C285: ANCORAGEM DE DEFENSA METÁLICA SEMI-MALEÁVEL SIMPLES | R285: m | U285: 549.96
A286: 40865 | C286: REVESTIMENTO VEGETAL EM PLACAS (GRAMA) | R286: m2 | U286: 15.17
A287: 40870 | C287: REVESTIMENTO VEGETAL EM MUDAS | R287: m2 | U287: 7.73
A288: 40880 | C288: CONFORMAÇÃO DE TALUDE | R288: m2 | U288: 0.8
A289: 40885 | C289: FLORESTAMENTO | R289: m2 | U289: 14.15
A290: 40890 | C290: REVESTIMENTO VEGETAL POR HIDROSSEMEADURA | R290: m2 | U290: 7.93
A291: 40895 | C291: SEMEADURA MANUAL | R291: m2 | U291: 2.31
A292: 117318 | C292: SINALIZAÇÃO HORIZONTAL
A293: 40814 | C293: SINALIZAÇÃO HORIZONTAL COM RESINA ACRÍLICA (0,4 mm) | R293: m2 | U293: 28.44
A294: 40815 | C294: SINALIZAÇÃO HORIZONTAL COM RESINA ACRÍLICA (0,6 mm) | R294: m2 | U294: 38.5
A295: 40816 | C295: SINALIZAÇÃO HORIZONTAL COM RESINA ACRÍLICA EMULSIONADA EM ÁGUA (0,3 mm) | R295: m2 | U295: 18.45
A296: 40817 | C296: SINALIZAÇÃO HORIZONTAL COM RESINA ACRÍLICA EMULSIONADA EM ÁGUA (0,4 mm) | R296: m2 | U296: 21.82
A297: 40818 | C297: SINALIZAÇÃO HORIZONTAL COM RESINA ACRÍLICA EMULSIONADA EM ÁGUA (0,5 mm) | R297: m2 | U297: 25.2
A298: 40820 | C298: SINALIZAÇÃO HORIZONTAL COM TERMOPLÁSTICO POR ASPERSÃO - HOT SPRAY (1,5 mm) | R298: m2 | U298: 72.01
A299: 40825 | C299: SINALIZAÇÃO HORIZONTAL COM TERMOPLÁSTICO EXTRUDADO (3 mm) | R299: m2 | U299: 130.04
A300: 40830 | C300: TACHA REFLETIVA MONODIRECIONAL | R300: Un | U300: 44.07
A301: 40835 | C301: TACHA REFLETIVA BIDIRECIONAL | R301: Un | U301: 47.11
A302: 40840 | C302: TACHÃO REFLETIVO MONODIRECIONAL | R302: Un | U302: 105.6
A303: 40845 | C303: TACHÃO REFLETIVO BIDIRECIONAL | R303: Un | U303: 107.22
A304: 117947 | C304: SINALIZAÇÃO VERTICAL
A305: 40850 | C305: SINALIZAÇÃO VERTICAL SEMI-REFLETIVA | R305: m2 | U305: 501.88
A306: 40851 | C306: SINALIZAÇÃO VERTICAL TOTALMENTE REFLETIVA (TIPO I) | R306: m2 | U306: 637.55
A307: 40853 | C307: SINALIZAÇÃO VERTICAL TOTALMENTE REFLETIVA (TIPO III) | R307: m2 | U307: 838.19
A308: 40855 | C308: SINALIZAÇÃO VERTICAL TOTALMENTE REFLETIVA | R308: m2 | U308: 694.88
A309: 40856 | C309: SINALIZAÇÃO VERTICAL TOTALMENTE REFLETIVA - CHAPA DE ALUMÍNIO | R309: m2 | U309: 1547.57
A310: 100008 | C310: OBRAS DE ARTE CORRENTES
A311: 41800 | C311: REMOÇÃO DE BUEIROS TUBULARES | R311: M | U311: 73.98
A312: 41806 | C312: CORPO DE BSTC D=0,60M (EXCETO ESCAVAÇÃO) | R312: m | U312: 499.19
A313: 41811 | C313: CORPO DE BSTC D=0,80M (EXCETO ESCAVAÇÃO) | R313: m | U313: 789.82
A314: 41816 | C314: CORPO DE BSTC D=1,00M (EXCETO ESCAVAÇÃO) | R314: m | U314: 1049.45
A315: 41821 | C315: CORPO DE BSTC D=1,20M (EXCETO ESCAVAÇÃO) | R315: m | U315: 1355.52
A316: 41826 | C316: CORPO DE BSTC D=1,50M (EXCETO ESCAVAÇÃO) | R316: m | U316: 2194.91
A317: 41831 | C317: CORPO DE BDTC D=1,00M (EXCETO ESCAVAÇÃO) | R317: m | U317: 2048.57
A318: 41836 | C318: CORPO DE BDTC D=0,80M (EXCETO ESCAVAÇÃO) | R318: m | U318: 1532.4
A319: 41841 | C319: CORPO DE BTTC D=1,00M (EXCETO ESCAVAÇÃO) | R319: m | U319: 3011.81
A320: 41846 | C320: BOCA DE BSTC D=0,60M (AC/BC) | R320: un | U320: 871.78
A321: 41851 | C321: BOCA DE BSTC D=0,80M (AC/BC) | R321: un | U321: 981.27
A322: 41856 | C322: BOCA DE BSTC D=1,00M (AC/BC) | R322: un | U322: 1407.96
... A330: 47021 | C330: CONFECÇÃO E INSTALAÇÃO DE GUIAS | R330: M | U330: 3.79
A331: 100011 | C331: SERVIÇOS DIVERSOS
A332: 42800 | C332: GABIÕES (1,00 M) | R332: m3 | U332: 823.54
A333: 42805 | C333: GABIÕES (0,5 M) | R333: m3 | U333: 1046.25
A334: 42810 | C334: COLCHÕES RENO (0,3 M) | R334: m3 | U334: 1425.33
A335: 42816 | C335: RIP-RAP | R335: m3 | U335: 417.29
A336: 42820 | C336: DEMOLIÇÃO DE CONCRETO SIMPLES | R336: m3 | U336: 269.37
A337: 42825 | C337: DEMOLIÇÃO DE CONCRETO ARMADO | R337: m3 | U337: 844.57
A338: 42831 | C338: CONCRETO FCK=11 MPA P/ DRENAGEM | R338: m3 | U338: 506.01
A339: 42836 | C339: CONCRETO FCK=15 MPA P/ DRENAGEM | R339: m3 | U339: 565.32
...

Sheet Composições SICRO
K2: BDI GOINFRA
A3: CGCIT | I3: DNIT | K3: 0.2721
A4: SISTEMA DE CUSTOS REFERENCIAIS DE OBRAS - SICRO | D4: Goiás
A5: Custo Unitário de Referência | D5: Janeiro/2025 | G5: Produção da equipe | H5: 1.19712 | I5: m³
A6: 1109680 | B6: Argamassa para reparos e grauteamento - confecção em misturador e lançamento manual | H6: Valores em reais (R$)
A7: A - EQUIPAMENTOS | C7: Quantidade | D7: Utilização | F7: Custo Horário | I7: Custo
D8: Operativa | E8: Improdutiva | F8: Produtivo | G8: Improdutivo | I8: Horário Total
A9: E9788 | B9: Misturador de argamassa com capacidade de 0,250 m³ - 3,70 kW | C9: 1 | D9: 1 | E9: 0 | F9: 35.0575 | G9: 29.5315 | I9: 35.0575
A10: E9064 | B10: Transportador manual gerica com capacidade de 180 l | C10: 2 | D10: 0.17 | E10: 0.83 | F10: 1.5373 | G10: 1.0451 | I10: 2.2575
G11: Custo horário total de equipamentos | I11: 37.315
A12: B - MÃO DE OBRA | C12: Quantidade | D12: Unidade | F12: Custo Horário | G12: Custo Horário Total
A13: P9821 | B13: Pedreiro | C13: 1 | D13: h | F13: 28.0926 | I13: 28.0926
A14: P9824 | B14: Servente | C14: 2 | D14: h | F14: 21.4442 | I14: 42.8884
C15: Custo horário total de mão de obra | I15: 70.981
C16: Custo horário total de execução | I16: 108.296
C17: Custo unitário de execução | I17: 90.4638
G18: Custo do FIC | I18: -
G19: Custo do FIT | I19: -
A20: C - MATERIAL | C20: Quantidade | D20: Unidade | F20: Preço Unitário | G20: Custo Unitário
A21: M0083 | B21: Argamassa pré-dosada para grauteamento | C21: 2073.75 | D21: kg | F21: 1.7888 | I21: 3709.524
C22: Custo unitário total de material | I22: 3709.524
A23: D - ATIVIDADES AUXILIARES | C23: Quantidade | D23: Unidade | F23: Custo Unitário | G23: Custo Unitário
C24: Custo total de atividades auxiliares
G25: Subtotal | I25: 3799.9878
A26: E - TEMPO FIXO | C26: Código | D26: Quantidade | E26: Unidade | G26: Custo Unitário | H26: Custo Unitário
A27: M0083 | B27: Argamassa pré-dosada para grauteamento - Caminhão carroceria 15 t | C27: 5914655 | D27: 2.07375 | E27: t | G27: 32.18 | I27: 66.7333
C28: Custo unitário total de tempo fixo | I28: 66.7333
A29: F - MOMENTO DE TRANSPORTE | C29: Quantidade | D29: Unidade | E29: DMT | I29: Custo Unitário
E30: LN | F30: RP | G30: P
A31: M0083 | B31: Argamassa pré-dosada para grauteamento - Caminhão carroceria 15 t | C31: 2.07375 | D31: tkm | E31: 5914449 | F31: 5914464 | G31: 5914479
C32: Custo unitário total de transporte
E33: Custo unitário direto total | I33: 3866.72
A34: Obs. | D34: BDI: | E34: =$K$3 -> 0.2721 | F34: Valor Unitário: | I34: =TRUNC(I33*(1+E34),2) -> 4918.85
A36: CGCIT | I36: DNIT
A37: SISTEMA DE CUSTOS REFERENCIAIS DE OBRAS - SICRO | D37: Goiás
A38: Custo Unitário de Referência | D38: Janeiro/2025 | G38: Produção da equipe | H38: 1.18571 | I38: un
A39: 3806420 | B39: Lançamento de viga pré-moldada de até 500 kN com utilização de guindaste | H39: Valores em reais (R$)
A40: A - EQUIPAMENTOS | C40: Quantidade | D40: Utilização | F40: Custo Horário | I40: Custo
D41: Operativa | E41: Improdutiva | F41: Produtivo | G41: Improdutivo | I41: Horário Total
A42: E9094 | B42: Guindaste móvel sobre pneus com 6 eixos com capacidade máxima de 350 t - 450 kW | C42: 2 | D42: 1 | E42: 0 | F42: 2911.209 | G42: 1516.3136 | I42: 5822.418
G43: Custo horário total de equipamentos | I43: 5822.418
A44: B - MÃO DE OBRA | C44: Quantidade | D44: Unidade | F44: Custo Horário | G44: Custo Horário Total
A45: P9824 | B45: Servente | C45: 4 | D45: h | F45: 21.4442 | I45: 85.7768
C46: Custo horário total de mão de obra | I46: 85.7768
C47: Custo horário total de execução | I47: 5908.1948
C48: Custo unitário de execução | I48: 4982.8329
G49: Custo do FIC | I49: -
G50: Custo do FIT | I50: -
A51: C - MATERIAL | C51: Quantidade | D51: Unidade | F51: Preço Unitário | G51: Custo Unitário
C52: Custo unitário total de material
A53: D - ATIVIDADES AUXILIARES | C53: Quantidade | D53: Unidade | F53: Custo Unitário | G53: Custo Unitário
C54: Custo total de atividades auxiliares
G55: Subtotal | I55: 4982.8329
A56: E - TEMPO FIXO | C56: Código | D56: Quantidade | E56: Unidade | G56: Custo Unitário | H56: Custo Unitário
C57: Custo unitário total de tempo fixo
A58: F - MOMENTO DE TRANSPORTE | C58: Quantidade | D58: Unidade | E58: DMT | I58: Custo Unitário
E59: LN | F59: RP | G59: P
C60: Custo unitário total de transporte
E61: Custo unitário direto total | I61: 4982.83
A62: Obs. | D62: BDI: | E62: =$K$3 -> 0.2721 | F62: Valor Unitário: | I62: =TRUNC(I61*(1+E62),2) -> 6338.65
A64: CGCIT | I64: DNIT
A65: SISTEMA DE CUSTOS REFERENCIAIS DE OBRAS - SICRO | D65: Goiás
A66: Custo Unitário de Referência | D66: Janeiro/2025 | G66: Produção da equipe | H66: 1.66 | I66: un
A67: 5915400 | B67: Carga, descarga e manobra de vigas pré-moldadas de até 500 kN em cavalo mecânico com dolly de 4 eixos com capacidade de 57 t | H67: Valores em reais (R$)
A68: A - EQUIPAMENTOS | C68: Quantidade | D68: Utilização | F68: Custo Horário | I68: Custo
D69: Operativa | E69: Improdutiva | F69: Produtivo | G69: Improdutivo | I69: Horário Total
A70: E9169 | B70: Cavalo mecânico com dolly pneumático de 4 eixos e mesas de giro com capacidade de 57 t - 323 kW | C70: 1 | D70: 1 | E70: 0 | F70: 540.6526 | G70: 178.0287 | I70: 540.6526
A71: E9094 | B71: Guindaste móvel sobre pneus com 6 eixos com capacidade máxima de 350 t - 450 kW | C71: 2 | D71: 1 | E71: 0 | F71: 2911.209 | G71: 1516.3136 | I71: 5822.418
G72: Custo horário total de equipamentos | I72: 6363.0706
A73: B - MÃO DE OBRA | C73: Quantidade | D73: Unidade | F73: Custo Horário | G73: Custo Horário Total
A74: P9824 | B74: Servente | C74: 4 | D74: h | F74: 21.4442 | I74: 85.7768
C75: Custo horário total de mão de obra | I75: 85.7768
C76: Custo horário total de execução | I76: 6448.8474
C77: Custo unitário de execução | I77: 3884.8478
G78: Custo do FIC | I78: -
G79: Custo do FIT | I79: -
A80: C - MATERIAL | C80: Quantidade | D80: Unidade | F80: Preço Unitário | G80: Custo Unitário
C81: Custo unitário total de material
A82: D - ATIVIDADES AUXILIARES | C82: Quantidade | D82: Unidade | F82: Custo Unitário | G82: Custo Unitário
C83: Custo total de atividades auxiliares
G84: Subtotal | I84: 3884.8478
A85: E - TEMPO FIXO | C85: Código | D85: Quantidade | E85: Unidade | G85: Custo Unitário | H85: Custo Unitário
C86: Custo unitário total de tempo fixo
A87: F - MOMENTO DE TRANSPORTE | C87: Quantidade | D87: Unidade | E87: DMT | I87: Custo Unitário
E88: LN | F88: RP | G88: P
C89: Custo unitário total de transporte
E90: Custo unitário direto total | I90: 3884.85
A91: Obs. | D91: BDI: | E91: =$K$3 -> 0.2721 | F91: Valor Unitário: | I91: =TRUNC(I90*(1+E91),2) -> 4941.91
A93: CGCIT | I93: DNIT
A94: SISTEMA DE CUSTOS REFERENCIAIS DE OBRAS - SICRO | D94: Goiás | G94: FIC | H94: 0.02725
A95: Custo Unitário de Referência | D95: Janeiro/2025 | G95: Produção da equipe | H95: 10.38 | I95: km
A96: 5915326 | B96: Transporte em cavalo mecânico com dolly de 4 eixos com capacidade de 57 t - rodovia em revestimento primário | H96: Valores em reais (R$)
A97: A - EQUIPAMENTOS | C97: Quantidade | D97: Utilização | F97: Custo Horário | I97: Custo
D98: Operativa | E98: Improdutiva | F98: Produtivo | G98: Improdutivo | I98: Horário Total
A99: E9169 | B99: Cavalo mecânico com dolly pneumático de 4 eixos e mesas de giro com capacidade de 57 t - 323 kW | C99: 1 | D99: 1 | E99: 0 | F99: 540.6526 | G99: 178.0287 | I99: 540.6526
G100: Custo horário total de equipamentos | I100: 540.6526
A101: B - MÃO DE OBRA | C101: Quantidade | D101: Unidade | F101: Custo Horário | G101: Custo Horário Total
C102: Custo horário total de mão de obra
C103: Custo horário total de execução | I103: 540.6526
C104: Custo unitário de execução | I104: 52.086
...
